Workbook
Name Excel_BuiltIn__FilterDatabase: 'Приложение 2'!$A$11:$L$141
Name Excel_BuiltIn__FilterDatabase: 'Приложение 3'!$A$10:$K$136
Name Excel_BuiltIn__FilterDatabase: 'Приложение 4'!$A$12:$L$93

Sheet Приложение 1 
A1: , | C1: ПРИЛОЖЕНИЕ 1 к решению Совета депутатов Семилейского сельского поселения Кочкуровского муниципального района
C3: от 28.02.2022 №21
C7: Приложение 1 к проекту решения Совета депутатов Семилейского сельского поселения «О бюджете Семилейского сельского поселения на 2022год и на плановый период 2023 и 2024 годов» от 24.12.2021 г. №14
A13: ДОХОДЫ БЮДЖЕТА СЕМИЛЕЙСКОГО СЕЛЬСКОГО ПОСЕЛЕНИЯ РЕСПУБЛИКИ МОРДОВИЯ НА 2022 ГОД И НА ПЛАНОВЫЙ ПЕРИОД 2023 И 2024 ГОДОВ
E14: (тыс. рублей)
A15: Код | B15: Наименование | C15: Сумма
C16: 2022год | D16: 2023 год | E16: 2024 год
A17: 1 | B17: 2 | C17: 3 | D17: 4 | E17: 5
A18: 85000000000000000 | B18: ДОХОДЫ БЮДЖЕТА -ВСЕГО | C18: =C19+C40 -> 26273.7 | D18: =D19+D40 -> 3897.35 | E18: =E19+E40 -> 4265.7
A19: 10000000000000000 | B19: НАЛОГОВЫЕ И НЕНАЛОГОВЫЕ ДОХОДЫ | C19: =C20+C27+C24+C36 -> 2350.4 | D19: =D20+D27+D24+D36 -> 2402.45 | E19: =E20+E27+E24+E36 -> 2575.3
A20: 10100000000000000 | B20: НАЛОГИ НА ПРИБЫЛЬ, ДОХОДЫ | C20: =C21 -> 426.35 | D20: =D21 -> 438.2 | E20: =E21 -> 451.35
A21: 10102000010000110 | B21: Налог на доходы физических лиц | C21: =C22 -> 426.35 | D21: =D22 -> 438.2 | E21: =E22 -> 451.35
A22: 10102010010000110 | B22: Налог на доходы физических лиц с доходов, источником которых является налоговый агент, за исключением доходов, в отношении которых исчисление и уплата налога осуществляются в соответствии со статьями 227, 2271 и 228 Налогового кодекса Российской Федерации | C22: =C23 -> 426.35 | D22: =D23 -> 438.2 | E22: =E23 -> 451.35
A23: 10102010011000110 | B23: Налог на доходы физических лиц с доходов, источником которых является налоговый агент, за исключением доходов, в отношении которых исчисление и уплата налога осуществляются в соответствии со статьями 227, 2271 и 228 Налогового кодекса Российской Федерации (сумма платежа (перерасчеты, недоимка и задолженность по соответствующему платежу, в том числе по отмененному) | C23: 426.35 | D23: 438.2 | E23: 451.35
A24: 10500000000000000 | B24: НАЛОГИ НА СОВОКУПНЫЙ ДОХОД | C24: =C25 -> 173.35 | D24: =D25 -> 177.25 | E24: =E25 -> 302.65
A25: 10503000010000110 | B25: Единый сельскохозяйственный налог | C25: =C26 -> 173.35 | D25: =D26 -> 177.25 | E25: =E26 -> 302.65
A26: 10503010010000110 | B26: Единый сельскохозяйственный налог | C26: 173.35 | D26: 177.25 | E26: 302.65
A27: 10600000000000000 | B27: НАЛОГ НА ИМУЩЕСТВО | C27: =C28+C31 -> 1733 | D27: =D28+D31 -> 1768.6 | E27: =E28+E31 -> 1802.1
A28: 10601000000000110 | B28: Налог на имущество физических лиц | C28: =C29 -> 222 | D28: =D29 -> 222.7 | E28: =E29 -> 223.3
A29: 10601030100000110 | B29: Налог на имущество физических лиц, взимаемый по ставкам, применяемым к объектам налогообложения, расположенным в границах сельских поселений | C29: =C30 -> 222 | D29: =D30 -> 222.7 | E29: =E30 -> 223.3
A30: 10601030101000110 | B30: Налог на имущество физических лиц, взимаемый по ставкам, применяемым к объектам налогообложения, расположенным в границах сельских поселений (сумма платежа (перерасчеты, недоимка и задолженность по соответствующему платежу, в том числе по отмененному) | C30: 222 | D30: 222.7 | E30: 223.3
A31: 10606000000000110 | B31: ЗЕМЕЛЬНЫЙ НАЛОГ | C31: =C32+C33 -> 1511 | D31: =D32+D33 -> 1545.9 | E31: =E32+E33 -> 1578.8
A32: 10606033100000110 | B32: Земельный налог с организаций | C32: 570 | D32: 582 | E32: 591
A33: 10606040000000110 | B33: Земельный налог с физических лиц | C33: =C34 -> 941 | D33: =D34 -> 963.9 | E33: =E34 -> 987.8
A34: 10606043100000110 | B34: Земельный налог с физических лиц, обладающих земельным участком, расположенным в границах сельских поселений | C34: =C35 -> 941 | D34: =D35 -> 963.9 | E34: =E35 -> 987.8
A35: 10606043101000110 | B35: Земельный налог с физических лиц, обладающих земельным участком, расположенным в границах сельских поселений (сумма платежа (перерасчеты, недоимка и задолженность по соответствующему платежу, в том числе по отмененному) | C35: 941 | D35: 963.9 | E35: 987.8
A36: 11100000000000000 | B36: ДОХОДЫ ОТ ИСПОЛЬЗОВАНИЯ ИМУЩЕСТВА, НАХОДЯЩЕГОСЯ В ГОСУДАРСТВЕННОЙ И МУНИЦИПАЛЬНОЙ СОБСТВЕННОСТИ | C36: =C37 -> 17.7 | D36: =D37 -> 18.4 | E36: =E37 -> 19.2
A37: 11109000000000120 | B37: Прочие доходы от использования имущества и прав, находящихся в государственной и муниципальной собственности (за исключением имущества бюджетных и автономных учреждений, а также имущества государственных и муниципальных унитарных предприятий, в том числе казенных) | C37: =C38 -> 17.7 | D37: =D38 -> 18.4 | E37: =E38 -> 19.2
A38: 11109040000000120 | B38: Прочие поступления от использования имущества, находящегося в государственной и муниципальной собственности (за исключением имущества бюджетных и автономных учреждений, а также имущества государственных и муниципальных унитарных предприятий, в том числе казенных) | C38: =C39 -> 17.7 | D38: =D39 -> 18.4 | E38: =E39 -> 19.2
A39: 11109045100000120 | B39: Прочие поступления от использования имущества, находящегося в собственности сельских поселений (за исключением имущества муниципальных бюджетных и автономных учреждений, а также имущества муниципальных унитарных предприятий, в том числе казенных) | C39: 17.7 | D39: 18.4 | E39: 19.2
A40: 20200000000000000 | B40: Безвозмездные поступления от других бюджетов бюджетной системы Российской Федерации | C40: =C49+C54+C41+C45 -> 23923.3 | D40: =D49+D54+D41 -> 1494.9 | E40: =E49+E54+E41 -> 1690.4
A41: 20210000000000150 | B41: Дотации бюджетам бюджетной системы Российской Федерации | C41: =C44 -> 410.9 | D41: =D42 -> 0 | E41: =E42 -> 0
A42: 20215001000000150 | B42: Дотации на выравнивание бюджетной обеспеченности | C42: =C43 -> 0 | D42: =D43 -> 0 | E42: =E43 -> 0
A43: 20215001100000150 | B43: Дотации бюджетам сельских поселений на выравнивание бюджетной обеспеченности
A44: 20215002100000150 | B44: Дотации бюджетам сельских поселений на поддержку мер по обеспечению сбалансированности бюджетов | C44: 410.9
A45: 20220000000000150 | B45: Субсидии бюджета бюджетной системы (межбюджетные субсидии) | C45: =C46+C47 -> 1386.7
A46: 20225576100000150 | B46: Субсидии бюджетам сельских поселений на обеспечение комплексного развития сельских территорий | C46: 1060.5
A47: 20229999000000150 | B47: Прочие субсидии | C47: =C48 -> 326.2
A48: 20229999100000150 | B48: Прочие субсидии бюджетам сельских поселений | C48: 326.2
A49: 20230000000000150 | B49: Субвенции от других бюджетов бюджетной системы Российской Федерации | C49: =C50+C52 -> 90.5 | D49: =D50+D52 -> 93.5 | E49: =E50+E52 -> 96.7
A50: 20235118000000150 | B50: Субвенции бюджетам на осуществление первичного воинского учета на территориях, где отсутствуют военные комиссариаты | C50: =C51 -> 89.8 | D50: =D51 -> 92.8 | E50: =E51 -> 96
A51: 20235118100000150 | B51: Субвенции бюджетам сельских поселений на осуществление первичного воинского учета на территориях, где отсутствуют военные комиссариаты | C51: 89.8 | D51: 92.8 | E51: 96
A52: 20230024000000150 | B52: Субвенции бюджетам муниципальных районов на выполнение передаваемых полномочий субъектов Российской Федерации | C52: =C53 -> 0.7 | D52: =D53 -> 0.7 | E52: =E53 -> 0.7
A53: 20230024100000150 | B53: Субвенция на реализацию госполномочий по определению перечня должностных лиц, уполномоченных составлять протоколы об административных правонарушениях | C53: 0.7 | D53: 0.7 | E53: 0.7
A54: 20240000000000150 | B54: Иные межбюджетные транферты | C54: =C55 -> 22035.2 | D54: =D55 -> 1401.4 | E54: =E55 -> 1593.7
A55: 20240014000000150 | B55: Межбюджетные трансферты, передаваемые бюджетам муниципальных образований на осуществление части полномочий по решению вопросов местного значения в соответствии с заключенными соглашениями | C55: =C56 -> 22035.2 | D55: =D56 -> 1401.4 | E55: =E56 -> 1593.7
A56: 20240014100000150 | B56: Межбюджетные трансферты, передаваемые бюджетам сельских поселений из бюджетов муниципальных районов на осуществление части полномочий по решению вопросов местного значения в соответствии с заключенными соглашениями | C56: =390.137+70.663+5+15094+152.5+6259.6+63.3+6995.634-6995.634 -> 22035.2 | D56: =1396.4+5 -> 1401.4 | E56: =5+1588.7 -> 1593.7

Sheet Приложение 2
J2: ПРИЛОЖЕНИЕ 2 к решению Совета депутатов Семилейского сельского поселения Кочкуровского муниципального района
J3: от 28.02.2022 №21
J5: Приложение 2 к проекту решения Совета депутатов Семилейского сельского поселения «О бюджете Семилейского сельского поселения на 2022 год и на плановый период 2023 и 2024 годов» от 24.12.2021 г. №14
A7: ВЕДОМСТВЕННАЯ СТРУКТУРА РАСХОДОВ БЮДЖЕТА СЕМИЛЕЙСКОГО СЕЛЬСКОГО ПОСЕЛЕНИЯ НА 2022 ГОД И НА ПЛАНОВЫЙ ПЕРИОД 2023 И 2024 ГОДОВ
I8: (тыс. рублей)
A9: Наименование | B9: Адм | C9: Рз | D9: Прз | E9: Цср | I9: Вр | J9: Сумма
J10: 2022 год | K10: 2023 год | L10: 2024 год
A11: 1 | B11: 2 | C11: 3 | D11: 4 | E11: 5 | F11: 6 | G11: 7 | H11: 8 | I11: 9 | J11: 10 | K11: 11 | L11: 12
A12: ВСЕГО | B12: 923 | J12: =J13+J47+J63+J86+J120+J128+J135+J142+J56 -> 26273.7 | K12: =K13+K47+K63+K86+K120+K128+K135+K142+K56 -> 3897.4 | L12: =L13+L47+L63+L86+L120+L128+L135+L142+L56 -> 4265.7
A13: Общегосударственные вопросы | B13: 923 | C13: 01 | J13: =J14+J20+J41+J35 -> 2399.4 | K13: =K14+K20+K41+K35 -> 1868.9 | L13: =L14+L20+L41+L35 -> 1994.53
A14: Функционирование высшего должностного лица субъекта Российской Федерации и муниципального образования | B14: 923 | C14: 01 | D14: 02 | J14: =J15 -> 420.7 | K14: =K15 -> 420.7 | L14: =L15 -> 420.7
A15: Обеспечение деятельности администрации Семилейского сельского поселения Кочкуровского муниципального района Республики Мордовия | B15: 923 | C15: 01 | D15: 02 | E15: 65 | J15: =J16 -> 420.7 | K15: =K16 -> 420.7 | L15: =L16 -> 420.7
A16: Глава Семилейского сельского поселения Кочкуровского муниципального района Республики Мордовия | B16: 923 | C16: 01 | D16: 02 | E16: 65 | F16: 1 | J16: =J17 -> 420.7 | K16: =K17 -> 420.7 | L16: =L17 -> 420.7
A17: Расходы на выплаты по оплате труда высшего должностного лица | B17: 923 | C17: 01 | D17: 02 | E17: 65 | F17: 1 | G17: 00 | H17: 41150 | J17: =J18 -> 420.7 | K17: =K18 -> 420.7 | L17: =L18 -> 420.7
A18: Расходы на выплаты персоналу в целях обеспечения выполнения функций государственными (муниципальными) органами, казенными учреждениями, органами управления государственными внебюджетными фондами | B18: 923 | C18: 01 | D18: 02 | E18: 65 | F18: 1 | G18: 00 | H18: 41150 | I18: 100 | J18: =J19 -> 420.7 | K18: =K19 -> 420.7 | L18: =L19 -> 420.7
A19: Расходы на выплаты персоналу государственных (муниципальных) органов | B19: 923 | C19: 01 | D19: 02 | E19: 65 | F19: 1 | G19: 00 | H19: 41150 | I19: 120 | J19: 420.7 | K19: 420.7 | L19: 420.7
A20: Функционирование Правительства Российской Федерации, высших исполнительных органов государственной власти субъектов Российской Федерации, местных администраций | B20: 923 | C20: 01 | D20: 04 | J20: =J21 -> 1964.4 | K20: =K21 -> 1433.9 | L20: =L21 -> 1559.53
A21: Обеспечение деятельности администрации Семилейского сельского поселения Кочкуровского муниципального района Республики Мордовия | B21: 923 | C21: 01 | D21: 04 | E21: 65 | J21: =J22 -> 1964.4 | K21: =K22 -> 1433.9 | L21: =L22 -> 1559.53
A22: Непрограммные расходы в рамках обеспечения деятельности администрации Семилейского сельского поселения Кочкуровского муниципального района Республики Мордовия | B22: 923 | C22: 01 | D22: 04 | E22: 65 | F22: 4 | J22: =J23+J26+J32 -> 1964.4 | K22: =K23+K26+K32 -> 1433.9 | L22: =L23+L26+L32 -> 1559.53
A23: Расходы на выплаты по оплате труда работников органов местного самоуправления | B23: 923 | C23: 01 | D23: 04 | E23: 65 | F23: 4 | G23: 00 | H23: 41110 | J23: =J24 -> 877.583 | K23: =K24 -> 686.66 | L23: =L24 -> 696.7
A24: Расходы на выплаты персоналу в целях обеспечения выполнения функций государственными (муниципальными) органами, казенными учреждениями, органами управления государственными внебюджетными фондами | B24: 923 | C24: 01 | D24: 04 | E24: 65 | F24: 4 | G24: 00 | H24: 41110 | I24: 100 | J24: =J25 -> 877.583 | K24: =K25 -> 686.66 | L24: =L25 -> 696.7
A25: Расходы на выплаты персоналу государственных (муниципальных) органов | B25: 923 | C25: 01 | D25: 04 | E25: 65 | F25: 4 | G25: 00 | H25: 41110 | I25: 120 | J25: =977.583-100 -> 877.583 | K25: 686.66 | L25: 696.7
A26: Расходы на обеспечение функций органов местного самоуправления | B26: 923 | C26: 01 | D26: 04 | E26: 65 | F26: 4 | G26: 00 | H26: 41120 | J26: =J27+J29 -> 1086.117 | K26: =K27+K29 -> 746.54 | L26: =L27+L29 -> 862.13
A27: Закупка товаров, работ и услуг для обеспечения государственных (муниципальных) нужд | B27: 923 | C27: 01 | D27: 04 | E27: 65 | F27: 4 | G27: 00 | H27: 41120 | I27: 200 | J27: =J28 -> 400.72592 | K27: =K28 -> 176.64892 | L27: =L28 -> 176.73892
A28: Иные закупки товаров, работ и услуг для обеспечения государственных (муниципальных) нужд | B28: 923 | C28: 01 | D28: 04 | E28: 65 | F28: 4 | G28: 00 | H28: 41120 | I28: 240 | J28: =300.66-0.03408+100+0.1 -> 400.72592 | K28: =176.66-0.01108 -> 176.64892 | L28: =176.7+0.03892 -> 176.73892
A29: Иные бюджетные ассигнования | B29: 923 | C29: 01 | D29: 04 | E29: 65 | F29: 4 | G29: 00 | H29: 41120 | I29: 800 | J29: =J31+J30 -> 685.39108 | K29: =K31 -> 569.89108 | L29: =L31 -> 685.39108
A30: Исполнение судебных актов | B30: 923 | C30: 01 | D30: 04 | E30: 65 | F30: 4 | G30: 00 | H30: 41120 | I30: 830 | J30: 20 | K30: 0 | L30: 0
A31: Уплата налогов, сборов и иных платежей | B31: 923 | C31: 01 | D31: 04 | E31: 65 | F31: 4 | G31: 00 | H31: 41120 | I31: 850 | J31: =685.39108-20 -> 665.39108 | K31: =585.39108-15.5 -> 569.89108 | L31: 685.39108
A32: Осуществление государственных полномочий Республики Мордовия по определению перечня должностных лиц, уполномоченных составлять протоколы об административных правонарушениях, предусмотренных Законом Республики Мордовия от 15 июня 2015 года № 38-З "Об административной ответственности на территории Республики Мордовия" | B32: 923 | C32: 01 | D32: 04 | E32: 65 | F32: 4 | G32: 00 | H32: 77150 | J32: =J33 -> 0.7 | K32: =K33 -> 0.7 | L32: =L33 -> 0.7
A33: Закупка товаров, работ и услуг для обеспечения государственных (муниципальных) нужд | B33: 923 | C33: 01 | D33: 04 | E33: 65 | F33: 4 | G33: 00 | H33: 77150 | I33: 200 | J33: =J34 -> 0.7 | K33: =K34 -> 0.7 | L33: =L34 -> 0.7
A34: Иные закупки товаров, работ и услуг для обеспечения государственных (муниципальных) нужд | B34: 923 | C34: 01 | D34: 04 | E34: 65 | F34: 4 | G34: 00 | H34: 77150 | I34: 240 | J34: 0.7 | K34: 0.7 | L34: 0.7
A35: Обеспечение деятельности финансовых, налоговых и таможенных органов и органов финансового (финансово-бюджетного) надзора | B35: 923 | C35: 01 | D35: 06 | J35: =J36 -> 4.3 | K35: =K36 -> 4.3 | L35: =L36 -> 4.3
A36: Непрограммные расходы главных распорядителей бюджетных средств местного бюджета | B36: 923 | C36: 01 | D36: 06 | E36: 89 | J36: =J37 -> 4.3 | K36: =K37 -> 4.3 | L36: =L37 -> 4.3
A37: Непрограммные расходы в рамках обеспечения деятельности главных распорядителей бюджетных средств местного бюджета | B37: 923 | C37: 01 | D37: 06 | E37: 89 | F37: 1 | J37: =J38 -> 4.3 | K37: =K38 -> 4.3 | L37: =L38 -> 4.3
A38: Иные межбюджетные трансферты на осуществление полномочий по составлению и рассмотрению проекта бюджета поселения, утверждению и исполнению бюджета поселения, осуществлению контроля за его исполнением, составлению и утверждению отчета об исполнении бюджета поселения | B38: 923 | C38: 01 | D38: 06 | E38: 89 | F38: 1 | G38: 00 | H38: 44501 | J38: =J39 -> 4.3 | K38: =K39 -> 4.3 | L38: =L39 -> 4.3
A39: Межбюджетные трансферты | B39: 923 | C39: 01 | D39: 06 | E39: 89 | F39: 1 | G39: 00 | H39: 44501 | I39: 500 | J39: =J40 -> 4.3 | K39: =K40 -> 4.3 | L39: =L40 -> 4.3
A40: Иныемежбюджетные трансферты | B40: 923 | C40: 01 | D40: 06 | E40: 89 | F40: 1 | G40: 00 | H40: 44501 | I40: 540 | J40: 4.3 | K40: 4.3 | L40: 4.3
A41: Резервные фонды | B41: 923 | C41: 01 | D41: 11 | J41: =J42 -> 10 | K41: =K42 -> 10 | L41: =L42 -> 10
A42: Непрограммные расходы главных распорядителей бюджетных средств местного бюджета | B42: 923 | C42: 01 | D42: 11 | E42: 89 | J42: =J43 -> 10 | K42: =K43 -> 10 | L42: =L43 -> 10
A43: Непрограммные расходы в рамках обеспечения деятельности главных распорядителей бюджетных средств местного бюджета | B43: 923 | C43: 01 | D43: 11 | E43: 89 | F43: 1 | J43: =J44 -> 10 | K43: =K44 -> 10 | L43: =L44 -> 10
A44: Резервный фонд администрации Семилейского сельского поселения Кочкуровского муниципального района Республики Мордовия | B44: 923 | C44: 01 | D44: 11 | E44: 89 | F44: 1 | G44: 00 | H44: 41180 | J44: =J45 -> 10 | K44: =K45 -> 10 | L44: =L45 -> 10
A45: Иные бюджетные ассигнования | B45: 923 | C45: 01 | D45: 11 | E45: 89 | F45: 1 | G45: 00 | H45: 41180 | I45: 800 | J45: =J46 -> 10 | K45: =K46 -> 10 | L45: =L46 -> 10
A46: Резервные средства | B46: 923 | C46: 01 | D46: 11 | E46: 89 | F46: 1 | G46: 00 | H46: 41180 | I46: 870 | J46: 10 | K46: 10 | L46: 10
A47: Национальная оборона | B47: 923 | C47: 02 | J47: =J48 -> 89.8 | K47: =K48 -> 92.8 | L47: =L48 -> 96
A48: Мобилизационная и вневойсковая подготовка | B48: 923 | C48: 02 | D48: 03 | J48: =J49 -> 89.8 | K48: =K49 -> 92.8 | L48: =L49 -> 96
A49: Непрограммные расходы главных распорядителей бюджетных средств местного бюджета | B49: 923 | C49: 02 | D49: 03 | E49: 89 | J49: =J50 -> 89.8 | K49: =K50 -> 92.8 | L49: =L50 -> 96
A50: Непрограммные расходы в рамках обеспечения деятельности главных распорядителей бюджетных средств местного бюджета | B50: 923 | C50: 02 | D50: 03 | E50: 89 | F50: 1 | J50: =J51 -> 89.8 | K50: =K51 -> 92.8 | L50: =L51 -> 96
A51: Осуществление государственных полномочий Российско Федерации по первичному воинскому учету на территориях, где отсутствуют военные комиссариаты | B51: 923 | C51: 02 | D51: 03 | E51: 89 | F51: 1 | G51: 00 | H51: 51180 | J51: =J52+J54 -> 89.8 | K51: =K52+K54 -> 92.8 | L51: =L52+L54 -> 96
A52: Расходы на выплаты персоналу в целях обеспечения выполнения функций государственными (муниципальными) органами, казенными учреждениями, органами управления государственными внебюджетными фондами | B52: 923 | C52: 02 | D52: 03 | E52: 89 | F52: 1 | G52: 00 | H52: 51180 | I52: 100 | J52: =J53 -> 82.3 | K52: =K53 -> 82.6452 | L52: =L53 -> 81.9452
A53: Расходы на выплаты персоналу государственных (муниципальных) органов | B53: 923 | C53: 02 | D53: 03 | E53: 89 | F53: 1 | G53: 00 | H53: 51180 | I53: 120 | J53: 82.3 | K53: 82.6452 | L53: 81.9452
A54: Закупка товаров, работ и услуг для обеспечения государственных (муниципальных) нужд | B54: 923 | C54: 02 | D54: 03 | E54: 89 | F54: 1 | G54: 00 | H54: 51180 | I54: 200 | J54: =J55 -> 7.5 | K54: =K55 -> 10.1548 | L54: =L55 -> 14.0548
A55: Иные закупки товаров, работ и услуг для обеспечения государственных (муниципальных) нужд | B55: 923 | C55: 02 | D55: 03 | E55: 89 | F55: 1 | G55: 00 | H55: 51180 | I55: 240 | J55: 7.5 | K55: 10.1548 | L55: 14.0548
A56: Национальная безопасность и правоохранительная деятельность | B56: 923 | C56: 03 | J56: =J57 -> 5 | K56: =K57 -> 5 | L56: =L57 -> 5
A57: Защита населения и территории от чрезвычайных ситуаций природного и техногенного характера, пожарная безопасность | B57: 923 | C57: 03 | D57: 10 | J57: =J58 -> 5 | K57: =K58 -> 5 | L57: =L58 -> 5
A58: Непрограммные расходы главных распорядителей бюджетных средств Республики Мордовия | B58: 923 | C58: 03 | D58: 10 | E58: 89 | J58: =J59 -> 5 | K58: =K59 -> 5 | L58: =L59 -> 5
A59: Непрограммные расходы в рамках обеспечения деятельности главных распорядителей бюджетных средств Республики Мордовия | B59: 923 | C59: 03 | D59: 10 | E59: 89 | F59: 1 | J59: =J60 -> 5 | K59: =K60 -> 5 | L59: =L60 -> 5
A60: Мероприятия по обеспечению пожарной безопасности | B60: 923 | C60: 03 | D60: 10 | E60: 89 | F60: 1 | G60: 00 | H60: 42120 | J60: =J61 -> 5 | K60: =K61 -> 5 | L60: =L61 -> 5
A61: Закупка товаров, работ и услуг для обеспечения государственных (муниципальных) нужд | B61: 923 | C61: 03 | D61: 10 | E61: 89 | F61: 1 | G61: 00 | H61: 42120 | I61: 200 | J61: =J62 -> 5 | K61: =K62 -> 5 | L61: =L62 -> 5
A62: Иные закупки товаров, работ и услуг для обеспечения государственных (муниципальных) нужд | B62: 923 | C62: 03 | D62: 10 | E62: 89 | F62: 1 | G62: 00 | H62: 42120 | I62: 244 | J62: 5 | K62: 5 | L62: 5
A63: Национальная экономика | B63: 923 | C63: 04 | J63: =J64+J80 -> 15708.3 | K63: =K71+K80 -> 1397.4 | L63: =L80+L71 -> 1589.7
A64: Дорожное хозяйство (дорожные фонды) | B64: 923 | C64: 04 | D64: 09 | J64: =J65+J71+J76 -> 15707.3 | K64: =K71 -> 1396.4 | L64: =L71 -> 1588.7
A65: Муниципальная программа «Жилище» Семилейского сельского поселения Кочкуровского муниципального района на 2021-2025 годы» | B65: 923 | C65: 04 | D65: 09 | E65: 04 | J65: =J66 -> 15246.5 | K65: =K66 -> 0 | L65: =L66 -> 0
A66: Подппрограмма "Обеспечение жильем молодых семей" | B66: 923 | C66: 04 | D66: 09 | E66: 04 | F66: 1 | J66: =J67 -> 15246.5 | K66: =K67 -> 0 | L66: =L67 -> 0
A67: Региональный проект "Жилье" | B67: 923 | C67: 04 | D67: 09 | E67: 04 | F67: 1 | G67: F1 | J67: =J68 -> 15246.5 | K67: =K68 -> 0 | L67: =L68 -> 0
A68: Строительство (реконструкция) автомобильных дорог в рамках реализации проектов по развитию территорий, расположенных в границах населенных пунктов, предусматривающих строительство жилья | B68: 923 | C68: 04 | D68: 09 | E68: 04 | F68: 1 | G68: F1 | H68: 50212 | J68: =J69 -> 15246.5 | K68: =K69 -> 0 | L68: =L69 -> 0
A69: Капитальные вложения в объекты государственной (муниципальной) собственности | B69: 923 | C69: 04 | D69: 09 | E69: 04 | F69: 1 | G69: F1 | H69: 50212 | I69: 400 | J69: =J70 -> 15246.5 | K69: =K70 -> 0 | L69: =L70 -> 0
A70: Бюджетные инвестиции | B70: 923 | C70: 04 | D70: 09 | E70: 04 | F70: 1 | G70: F1 | H70: 50212 | I70: 410 | J70: =15094+152.5 -> 15246.5
A71: Программа «Комплексного развитие систем транспортной инфраструктуры на территории Семилейского сельского поселения Кочкуровского муниципального района Республики Мордовия на 2021-2028 годы | B71: 923 | C71: 04 | D71: 09 | E71: 13 | J71: =J72 -> 460.8 | K71: =K72 -> 1396.4 | L71: =L72 -> 1588.7
A72: Основное мероприятие "Обеспечение сохранности автомобильных дорог местного значения путем выполнения эксплуатационных и ремонтных мероприятий; ямочный ремонт, разметка дорог, установка дорожных знаков, обкашивание дорожных обочин, очистка дорог от снега." | B72: 923 | C72: 04 | D72: 09 | E72: 13 | F72: 0 | G72: 01 | J72: =J73 -> 460.8 | K72: =K73 -> 1396.4 | L72: =L73 -> 1588.7
A73: Осуществление полномочий по дорожной деятельности в отношении автомобильных дорог местного значения в границах населенных пунктов поселения и обеспечению безопасности дорожного движения на них, включая создание и обеспечение функционирования парковок (парковочных мест), осуществление муниципального контроля за сохранностью автомобильных дорог местного значения в границах населенных пунктов поселения, организация дорожного движения, а также осуществление иных полномочий в области использования автомобильных дорог и осуществления дорожной деятельности в соответствии с законодательством Российской Федерации | B73: 923 | C73: 04 | D73: 09 | E73: 13 | F73: 0 | G73: 01 | H73: 44102 | J73: =J74 -> 460.8 | K73: =K74 -> 1396.4 | L73: =L74 -> 1588.7
A74: Закупка товаров, работ и услуг для обеспечения государственных (муниципальных) нужд | B74: 923 | C74: 04 | D74: 09 | E74: 13 | F74: 0 | G74: 01 | H74: 44102 | I74: 200 | J74: =J75 -> 460.8 | K74: =K75 -> 1396.4 | L74: =L75 -> 1588.7
A75: Иные закупки товаров, работ и услуг для обеспечения государственных (муниципальных) нужд | B75: 923 | C75: 04 | D75: 09 | E75: 13 | F75: 0 | G75: 01 | H75: 44102 | I75: 240 | J75: =390.137+70.663 -> 460.8 | K75: 1396.4 | L75: 1588.7
A76: Основное мероприятие " Ремонт автомобильной дороги по ул. Советская в с. Воеводское Семилейского сельского поселения Кочкуровского муниципального района Республики Мордовия". | B76: 923 | C76: 04 | D76: 09 | E76: 13 | F76: 0 | G76: 01 | J76: =J77 -> 0
A77: Капитальный ремонт и ремонт автомобильных дорог общего пользования местного значения | B77: 923 | C77: 04 | D77: 09 | E77: 13 | F77: 0 | G77: 01 | H77: 57840 | J77: =J78 -> 0
A78: Закупка товаров, работ и услуг для обеспечения государственных (муниципальных) нужд | B78: 923 | C78: 04 | D78: 09 | E78: 13 | F78: 0 | G78: 01 | H78: 57840 | I78: 200 | J78: =J79 -> 0
A79: Иные закупки товаров, работ и услуг для обеспечения государственных (муниципальных) нужд | B79: 923 | C79: 04 | D79: 09 | E79: 13 | F79: 0 | G79: 01 | H79: 57840 | I79: 240 | J79: 0
A80: Другие вопросы в области национальной экономики | B80: 923 | C80: 04 | D80: 12 | J80: =J81 -> 1 | K80: =K81 -> 1 | L80: =L81 -> 1
A81: Непрограммные расходы главных распорядителей бюджетных средств Республики Мордовия | B81: 923 | C81: 04 | D81: 12 | E81: 89 | J81: =J82 -> 1 | K81: =K82 -> 1 | L81: =L82 -> 1
A82: Непрограммные расходы в рамках обеспечения деятельности главных распорядителей бюджетных средств Республики Мордовия | B82: 923 | C82: 04 | D82: 12 | E82: 89 | F82: 1 | J82: =J83 -> 1 | K82: =K83 -> 1 | L82: =L83 -> 1
A83: Осуществление полномочий по утверждению генеральных планов поселения, правил землепользования и застройки, утверждению подготовленной на основе генеральных планов поселения документации по планировке территории, выдаче градостроительного плана земельного участка, расположенного в границах поселения, выдаче разрешений на строительство (за исключением случаев, предусмотренных Градостроительным кодексом Российской Федерации, иными федеральными законами), разрешений на ввод объектов в эксплуатацию при осуществлении строительства, реконструкции объектов капитального строительства, расположенных на территории поселения, утверждению местных нормативов градостроительного проектирования поселений, резервированию земель и изъятию земельных участков в границах поселения для муниципальных нужд, осуществлению муниципального земельного контроля в границах поселения, осуществлению в случаях, предусмотренных Градостроительным кодексом Российской Федерации, осмотров зданий, сооружений и выдаче рекомендаций об устранении выявленных в ходе таких осмотров нарушений, направлению уведомления о соответствии указанных в уведомлении о планируемых строительстве или реконструкции объекта индивидуального жилищного строительства или садового дома параметров объекта индивидуального жилищного строительства или садового дома установленным параметрам и допустимости размещения объекта индивидуального жилищного строительства или садового дома на земельном участке, уведомления о несоответствии указанных в уведомлении о планируемом строительстве параметров объекта индивидуального жилищного строительства или садового дома установленным параметрам и (или) недопустимости размещения объекта индивидуального жилищного строительства или садового дома на земельном участке, уведомления о соответствии или несоответствии построенных или реконструированных объекта индивидуального жилищного строительства или садового дома требованиям законодательства о градостроительной деятельности при строительстве или реконструкции объектов индивидуального жилищного строительства или садовых домов на земельных участках, расположенных на территориях поселений, принятию в соответствии с гражданским законодательством Российской Федерации решения о сносе самовольной постройки, решения о сносе самовольной постройки или ее приведении в соответствие с предельными параметрами разрешенного строительства, реконструкции объектов капитального строительства, установленными правилами землепользования и застройки, документацией по планировке территории, или обязательными требованиями к параметрам объектов капитального строительства, установленными федеральными законами, решения об изъятии земельного участка, не используемого по целевому назначению или используемого с нарушением законодательства Российской Федерации, осуществлению сноса самовольной постройки или ее приведения в соответствие с установленными требованиями в случаях, предусмотренных Градостроительным кодексом Российской Федерации | B83: 923 | C83: 04 | D83: 12 | E83: 89 | F83: 1 | G83: 00 | H83: 44107 | J83: =J84 -> 1 | K83: =K84 -> 1 | L83: =L84 -> 1
A84: Закупка товаров, работ и услуг для обеспечения государственных (муниципальных) нужд | B84: 923 | C84: 04 | D84: 12 | E84: 89 | F84: 1 | G84: 00 | H84: 44107 | I84: 200 | J84: =J85 -> 1 | K84: =K85 -> 1 | L84: =L85 -> 1
A85: Иные закупки товаров, работ и услуг для обеспечения государственных (муниципальных) нужд | B85: 923 | C85: 04 | D85: 12 | E85: 89 | F85: 1 | G85: 00 | H85: 44107 | I85: 240 | J85: 1 | K85: 1 | L85: 1
A86: Жилищно-коммунальное хозяйство | B86: 923 | C86: 05 | J86: =J87+J102 -> 7727.9 | K86: =K87+K102 -> 117.5 | L86: =L87+L102 -> 84
A87: Коммунальное хозяйство | B87: 923 | C87: 05 | D87: 02 | J87: =J88+J94 -> 6324.9 | K87: =K94 -> 2 | L87: =L94 -> 2
A88: Муниципальная программа «Жилище» Семилейского сельского поселения Кочкуровского муниципального района Республики Мордовия на 2021-2025 годы» | B88: 923 | C88: 05 | D88: 02 | E88: 04 | J88: =J89 -> 6322.9
A89: Подппрограмма "Обеспечение жильем молодых семей" | B89: 923 | C89: 05 | D89: 02 | E89: 04 | F89: 1 | J89: =J90 -> 6322.9
A90: Региональный проект "Жилье" | B90: 923 | C90: 05 | D90: 02 | E90: 04 | F90: 1 | G90: F1 | J90: =J91 -> 6322.9
A91: Строительство (реконструкция) объектов водоснабжения, водоотведения и (или) теплоснабжения в рамках реализации проектов по развитию территорий, расположенных в границах населенных пунктов, предусматривающих строительство жилья | B91: 923 | C91: 05 | D91: 02 | E91: 04 | F91: 1 | G91: F1 | H91: 50213 | J91: =J92 -> 6322.9
A92: Капитальные вложения в объекты государственной (муниципальной) собственности | B92: 923 | C92: 05 | D92: 02 | E92: 04 | F92: 1 | G92: F1 | H92: 50213 | I92: 400 | J92: =J93 -> 6322.9
A93: Бюджетные инвестиции | B93: 923 | C93: 05 | D93: 02 | E93: 04 | F93: 1 | G93: F1 | H93: 50213 | I93: 410 | J93: =6259.6+63.3 -> 6322.9
A94: Непрограммные расходы главных распорядителей бюджетных средств местного бюджета | B94: 923 | C94: 05 | D94: 02 | E94: 89 | J94: =J95 -> 2 | K94: =K95 -> 2 | L94: =L95 -> 2
A95: Непрограммные расходы в рамках обеспечения деятельности главных распорядителей бюджетных средств местного бюджета | B95: 923 | C95: 05 | D95: 02 | E95: 89 | F95: 1 | J95: =J96+J99 -> 2 | K95: =K96+K99 -> 2 | L95: =L96+L99 -> 2
A96: Осуществление полномочий по организации в границах поселения электро-, тепло-, газо- и водоснабжения населения, водоотведения, снабжения населения топливом в пределах полномочий, установленных законодательством Российской Федерации | B96: 923 | C96: 05 | D96: 02 | E96: 89 | F96: 1 | G96: 00 | H96: 44101 | J96: =J97 -> 1 | K96: =K97 -> 1 | L96: =L97 -> 1
A97: Закупка товаров, работ и услуг для обеспечения государственных (муниципальных) нужд | B97: 923 | C97: 05 | D97: 02 | E97: 89 | F97: 1 | G97: 00 | H97: 44101 | I97: 200 | J97: =J98 -> 1 | K97: =K98 -> 1 | L97: =L98 -> 1
A98: Иные закупки товаров, работ и услуг для обеспечения государственных (муниципальных) нужд | B98: 923 | C98: 05 | D98: 02 | E98: 89 | F98: 1 | G98: 00 | H98: 44101 | I98: 240 | J98: 1 | K98: 1 | L98: 1
A99: Осуществление полномочий по участию в организации деятельности по накоплению (в том числе раздельному накоплению) и транспортированию твердых коммунальных отходов | B99: 923 | C99: 05 | D99: 02 | E99: 89 | F99: 1 | G99: 00 | H99: 44106 | J99: =J100 -> 1 | K99: =K100 -> 1 | L99: =L100 -> 1
A100: Закупка товаров, работ и услуг для обеспечения государственных (муниципальных) нужд | B100: 923 | C100: 05 | D100: 02 | E100: 89 | F100: 1 | G100: 00 | H100: 44106 | I100: 200 | J100: =J101 -> 1 | K100: =K101 -> 1 | L100: =L101 -> 1
A101: Иные закупки товаров, работ и услуг для обеспечения государственных (муниципальных) нужд | B101: 923 | C101: 05 | D101: 02 | E101: 89 | F101: 1 | G101: 00 | H101: 44106 | I101: 240 | J101: 1 | K101: 1 | L101: 1
A102: Благоустройство | B102: 923 | C102: 05 | D102: 03 | J102: =J109+J114+J103 -> 1403 | K102: =K109+K114 -> 115.5 | L102: =L109+L114 -> 82
A103: Муниципальная программа Семилейского сельского поселения Кочкуровского муниципального района «Комплексное развитие сельских территорий» | B103: 923 | C103: 05 | D103: 03 | E103: 22 | J103: =J104 -> 1075.7
...

Sheet Приложение 3
I1: ПРИЛОЖЕНИЕ 3 к решению Совета депутатов Семилейского сельского поселения Кочкуровского муниципального района
I2: от 28.02.2022 №21
I4: Приложение 3 к решению Совета депутатов Семилейского сельского поселения «О бюджете Семилейского сельского поселения на 2022 год и на плановый период 2023 и 2024 годов» от 24.12.2021 г. №14
A6: РАСПРЕДЕЛЕНИЕ БЮДЖЕТНЫХ АССИГНОВАНИЙ БЮДЖЕТА СЕМИЛЕЙСКОГО СЕЛЬСКОГО ПОСЕЛЕНИЯ ПО РАЗДЕЛАМ, ПОДРАЗДЕЛАМ, ЦЕЛЕВЫМ СТАТЬЯМ (МУНИЦИПАЛЬНЫМ ПРОГРАММАМ И НЕПРОГРАМНЫМ НАПРАВЛЕНИЯМ ДЕЯТЕЛЬНОСТИ) , ГРУППАМ (ГРУППАМ И ПОДГРУППАМ) ВИДОВ РАСХОДОВ КЛАССИФИКАЦИИ РАСХОДОВ БЮДЖЕТОВ НА 2022 ГОД И НА ПЛАНОВЫЙ ПЕРИОД 2023 И 2024 ГОДОВ
H7: (тыс. рублей)
A8: Наименование | B8: Рз | C8: Прз | D8: Цср | H8: Вр | I8: Сумма
I9: 2022 год | J9: 2023 год | K9: 2024 год
A10: 1 | B10: 2 | C10: 3 | D10: 4 | E10: 5 | F10: 6 | G10: 7 | H10: 8 | I10: 9 | J10: 10 | K10: 11
A11: ВСЕГО | I11: =I12+I46+I62+I82+I116+I123+I130+I137+I55 -> 26273.7 | J11: =J12+J46+J62+J82+J116+J123+J130+J137+J67+J55 -> 3897.4 | K11: =K12+K46+K62+K82+K116+K123+K130+K137+K67+K55 -> 4265.7
A12: Общегосударственные вопросы | B12: 01 | I12: =I13+I19+I40+I34 -> 2399.4 | J12: =J13+J19+J40+J34 -> 1868.9 | K12: =K13+K19+K40+K34 -> 1994.53
A13: Функционирование высшего должностного лица субъекта Российской Федерации и муниципального образования | B13: 01 | C13: 02 | I13: =I14 -> 420.7 | J13: =J14 -> 420.7 | K13: =K14 -> 420.7
A14: Обеспечение деятельности администрации Семилейского сельского поселения Кочкуровского муниципального района Республики Мордовия | B14: 01 | C14: 02 | D14: 65 | E14: 0 | I14: =I15 -> 420.7 | J14: =J15 -> 420.7 | K14: =K15 -> 420.7
A15: Глава Семилейского сельского поселения Кочкуровского муниципального района Республики Мордовия | B15: 01 | C15: 02 | D15: 65 | E15: 1 | I15: =I16 -> 420.7 | J15: =J16 -> 420.7 | K15: =K16 -> 420.7
A16: Расходы на выплаты по оплате труда высшего должностного лица | B16: 01 | C16: 02 | D16: 65 | E16: 1 | F16: 00 | G16: 41150 | I16: =I17 -> 420.7 | J16: =J17 -> 420.7 | K16: =K17 -> 420.7
A17: Расходы на выплаты персоналу в целях обеспечения выполнения функций государственными (муниципальными) органами, казенными учреждениями, органами управления государственными внебюджетными фондами | B17: 01 | C17: 02 | D17: 65 | E17: 1 | F17: 00 | G17: 41150 | H17: 100 | I17: =I18 -> 420.7 | J17: =J18 -> 420.7 | K17: =K18 -> 420.7
A18: Расходы на выплаты персоналу государственных (муниципальных) органов | B18: 01 | C18: 02 | D18: 65 | E18: 1 | F18: 00 | G18: 41150 | H18: 120 | I18: ='Приложение 2'!J19 -> 420.7 | J18: ='Приложение 2'!K19 -> 420.7 | K18: ='Приложение 2'!L19 -> 420.7
A19: Функционирование Правительства Российской Федерации, высших исполнительных органов государственной власти субъектов Российской Федерации, местных администраций | B19: 01 | C19: 04 | I19: =I20 -> 1964.4 | J19: =J20 -> 1433.9 | K19: =K20 -> 1559.53
A20: Обеспечение деятельности администрации Семилейского сельского поселения Кочкуровского муниципального района Республики Мордовия | B20: 01 | C20: 04 | D20: 65 | I20: =I21 -> 1964.4 | J20: =J21 -> 1433.9 | K20: =K21 -> 1559.53
A21: Непрограммные расходы в рамках обеспечения деятельности администрации Семилейского сельского поселения Кочкуровского муниципального района Республики Мордовия | B21: 01 | C21: 04 | D21: 65 | E21: 4 | I21: =I22+I25+I31 -> 1964.4 | J21: =J22+J25+J31 -> 1433.9 | K21: =K22+K25+K31 -> 1559.53
A22: Расходы на выплаты по оплате труда работников органов местного самоуправления | B22: 01 | C22: 04 | D22: 65 | E22: 4 | F22: 00 | G22: 41110 | I22: =I23 -> 877.583 | J22: =J23 -> 686.66 | K22: =K23 -> 696.7
A23: Расходы на выплаты персоналу в целях обеспечения выполнения функций государственными (муниципальными) органами, казенными учреждениями, органами управления государственными внебюджетными фондами | B23: 01 | C23: 04 | D23: 65 | E23: 4 | F23: 00 | G23: 41110 | H23: 100 | I23: =I24 -> 877.583 | J23: =J24 -> 686.66 | K23: =K24 -> 696.7
A24: Расходы на выплаты персоналу государственных (муниципальных) органов | B24: 01 | C24: 04 | D24: 65 | E24: 4 | F24: 00 | G24: 41110 | H24: 120 | I24: ='Приложение 2'!J25 -> 877.583 | J24: ='Приложение 2'!K25 -> 686.66 | K24: ='Приложение 2'!L25 -> 696.7
A25: Расходы на обеспечение функций органов местного самоуправления | B25: 01 | C25: 04 | D25: 65 | E25: 4 | F25: 00 | G25: 41120 | I25: =I26+I28 -> 1086.117 | J25: =J26+J28 -> 746.54 | K25: =K26+K28 -> 862.13
A26: Закупка товаров, работ и услуг для обеспечения государственных (муниципальных) нужд | B26: 01 | C26: 04 | D26: 65 | E26: 4 | F26: 00 | G26: 41120 | H26: 200 | I26: =I27 -> 400.72592 | J26: =J27 -> 176.64892 | K26: =K27 -> 176.73892
A27: Иные закупки товаров, работ и услуг для обеспечения государственных (муниципальных) нужд | B27: 01 | C27: 04 | D27: 65 | E27: 4 | F27: 00 | G27: 41120 | H27: 240 | I27: ='Приложение 2'!J28 -> 400.72592 | J27: ='Приложение 2'!K28 -> 176.64892 | K27: ='Приложение 2'!L28 -> 176.73892
A28: Иные бюджетные ассигнования | B28: 01 | C28: 04 | D28: 65 | E28: 4 | F28: 00 | G28: 41120 | H28: 800 | I28: =I30+I29 -> 685.39108 | J28: =J30 -> 569.89108 | K28: =K30 -> 685.39108
A29: Исполнение судебных актов | B29: 01 | C29: 04 | D29: 65 | E29: 4 | F29: 00 | G29: 41120 | H29: 830 | I29: ='Приложение 2'!J30 -> 20
A30: Уплата налогов, сборов и иных платежей | B30: 01 | C30: 04 | D30: 65 | E30: 4 | F30: 00 | G30: 41120 | H30: 850 | I30: ='Приложение 2'!J31 -> 665.39108 | J30: ='Приложение 2'!K31 -> 569.89108 | K30: ='Приложение 2'!L31 -> 685.39108
A31: Осуществление государственных полномочий Республики Мордовия по определению перечня должностных лиц, уполномоченных составлять протоколы об административных правонарушениях, предусмотренных Законом Республики Мордовия от 15 июня 2015 года № 38-З "Об административной ответственности на территории Республики Мордовия" | B31: 01 | C31: 04 | D31: 65 | E31: 4 | F31: 00 | G31: 77150 | I31: =I32 -> 0.7 | J31: =J32 -> 0.7 | K31: =K32 -> 0.7
A32: Закупка товаров, работ и услуг для обеспечения государственных (муниципальных) нужд | B32: 01 | C32: 04 | D32: 65 | E32: 4 | F32: 00 | G32: 77150 | H32: 200 | I32: =I33 -> 0.7 | J32: =J33 -> 0.7 | K32: =K33 -> 0.7
A33: Иные закупки товаров, работ и услуг для обеспечения государственных (муниципальных) нужд | B33: 01 | C33: 04 | D33: 65 | E33: 4 | F33: 00 | G33: 77150 | H33: 240 | I33: ='Приложение 2'!J34 -> 0.7 | J33: ='Приложение 2'!K34 -> 0.7 | K33: ='Приложение 2'!L34 -> 0.7
A34: Обеспечение деятельности финансовых, налоговых и таможенных органов и органов финансового (финансово-бюджетного) надзора | B34: 01 | C34: 06 | I34: =I35 -> 4.3 | J34: =J35 -> 4.3 | K34: =K35 -> 4.3
A35: Непрограммные расходы главных распорядителей бюджетных средств местного бюджета | B35: 01 | C35: 06 | D35: 89 | I35: =I36 -> 4.3 | J35: =J36 -> 4.3 | K35: =K36 -> 4.3
A36: Непрограммные расходы в рамках обеспечения деятельности главных распорядителей бюджетных средств местного бюджета | B36: 01 | C36: 06 | D36: 89 | E36: 1 | I36: =I37 -> 4.3 | J36: =J37 -> 4.3 | K36: =K37 -> 4.3
A37: Иные межбюджетные трансферты на осуществление полномочий по составлению и рассмотрению проекта бюджета поселения, утверждению и исполнению бюджета поселения, осуществлению контроля за его исполнением, составлению и утверждению отчета об исполнении бюджета поселения | B37: 01 | C37: 06 | D37: 89 | E37: 1 | F37: 00 | G37: 44501 | I37: =I38 -> 4.3 | J37: =J38 -> 4.3 | K37: =K38 -> 4.3
A38: Межбюджетные трансферты | B38: 01 | C38: 06 | D38: 89 | E38: 1 | F38: 00 | G38: 44501 | H38: 500 | I38: =I39 -> 4.3 | J38: =J39 -> 4.3 | K38: =K39 -> 4.3
A39: Иныемежбюджетные трансферты | B39: 01 | C39: 06 | D39: 89 | E39: 1 | F39: 00 | G39: 44501 | H39: 540 | I39: ='Приложение 2'!J40 -> 4.3 | J39: ='Приложение 2'!K40 -> 4.3 | K39: ='Приложение 2'!L40 -> 4.3
A40: Резервные фонды | B40: 01 | C40: 11 | I40: =I41 -> 10 | J40: =J41 -> 10 | K40: =K41 -> 10
A41: Непрограммные расходы главных распорядителей бюджетных средств местного бюджета | B41: 01 | C41: 11 | D41: 89 | E41: 0 | I41: =I42 -> 10 | J41: =J42 -> 10 | K41: =K42 -> 10
A42: Непрограммные расходы в рамках обеспечения деятельности главных распорядителей бюджетных средств местного бюджета | B42: 01 | C42: 11 | D42: 89 | E42: 1 | I42: =I43 -> 10 | J42: =J43 -> 10 | K42: =K43 -> 10
A43: Резервный фонд администрации Семилейского сельского поселения Кочкуровского муниципального района Республики Мордовия | B43: 01 | C43: 11 | D43: 89 | E43: 1 | F43: 00 | G43: 41180 | I43: =I44 -> 10 | J43: =J44 -> 10 | K43: =K44 -> 10
A44: Иные бюджетные ассигнования | B44: 01 | C44: 11 | D44: 89 | E44: 1 | F44: 00 | G44: 41180 | H44: 800 | I44: =I45 -> 10 | J44: =J45 -> 10 | K44: =K45 -> 10
A45: Резервные средства | B45: 01 | C45: 11 | D45: 89 | E45: 1 | F45: 00 | G45: 41180 | H45: 870 | I45: ='Приложение 2'!J46 -> 10 | J45: ='Приложение 2'!K46 -> 10 | K45: ='Приложение 2'!L46 -> 10
A46: Национальная оборона | B46: 02 | I46: =I47 -> 89.8 | J46: =J47 -> 92.8 | K46: =K47 -> 96
A47: Мобилизационная и вневойсковая подготовка | B47: 02 | C47: 03 | I47: =I48 -> 89.8 | J47: =J48 -> 92.8 | K47: =K48 -> 96
A48: Непрограммные расходы главных распорядителей бюджетных средств местного бюджета | B48: 02 | C48: 03 | D48: 89 | I48: =I49 -> 89.8 | J48: =J49 -> 92.8 | K48: =K49 -> 96
A49: Непрограммные расходы в рамках обеспечения деятельности главных распорядителей бюджетных средств местного бюджета | B49: 02 | C49: 03 | D49: 89 | E49: 1 | I49: =I50 -> 89.8 | J49: =J50 -> 92.8 | K49: =K50 -> 96
A50: Осуществление государственных полномочий Российско Федерации по первичному воинскому учету на территориях, где отсутствуют военные комиссариаты | B50: 02 | C50: 03 | D50: 89 | E50: 1 | F50: 00 | G50: 51180 | I50: =I51+I53 -> 89.8 | J50: =J51+J53 -> 92.8 | K50: =K51+K53 -> 96
A51: Расходы на выплаты персоналу в целях обеспечения выполнения функций государственными (муниципальными) органами, казенными учреждениями, органами управления государственными внебюджетными фондами | B51: 02 | C51: 03 | D51: 89 | E51: 1 | F51: 00 | G51: 51180 | H51: 100 | I51: =I52 -> 82.3 | J51: =J52 -> 82.6452 | K51: =K52 -> 81.9452
A52: Расходы на выплаты персоналу государственных (муниципальных) органов | B52: 02 | C52: 03 | D52: 89 | E52: 1 | F52: 00 | G52: 51180 | H52: 120 | I52: ='Приложение 2'!J53 -> 82.3 | J52: ='Приложение 2'!K53 -> 82.6452 | K52: ='Приложение 2'!L53 -> 81.9452
A53: Закупка товаров, работ и услуг для обеспечения государственных (муниципальных) нужд | B53: 02 | C53: 03 | D53: 89 | E53: 1 | F53: 00 | G53: 51180 | H53: 200 | I53: =I54 -> 7.5 | J53: =J54 -> 10.1548 | K53: =K54 -> 14.0548
A54: Иные закупки товаров, работ и услуг для обеспечения государственных (муниципальных) нужд | B54: 02 | C54: 03 | D54: 89 | E54: 1 | F54: 00 | G54: 51180 | H54: 240 | I54: ='Приложение 2'!J55 -> 7.5 | J54: ='Приложение 2'!K55 -> 10.1548 | K54: ='Приложение 2'!L55 -> 14.0548
A55: Национальная безопасность и правоохранительная деятельность | B55: 03 | I55: =I56 -> 5 | J55: =J56 -> 5 | K55: =K56 -> 5
A56: Защита населения и территории от чрезвычайных ситуаций природного и техногенного характера, пожарная безопасность | B56: 03 | C56: 10 | I56: =I57 -> 5 | J56: =J57 -> 5 | K56: =K57 -> 5
A57: Непрограммные расходы главных распорядителей бюджетных средств Республики Мордовия | B57: 03 | C57: 10 | D57: 89 | I57: =I58 -> 5 | J57: =J58 -> 5 | K57: =K58 -> 5
A58: Непрограммные расходы в рамках обеспечения деятельности главных распорядителей бюджетных средств Республики Мордовия | B58: 03 | C58: 10 | D58: 89 | E58: 1 | I58: =I59 -> 5 | J58: =J59 -> 5 | K58: =K59 -> 5
A59: Мероприятия по обеспечению пожарной безопасности | B59: 03 | C59: 10 | D59: 89 | E59: 1 | F59: 00 | G59: 42120 | I59: =I60 -> 5 | J59: =J60 -> 5 | K59: =K60 -> 5
A60: Закупка товаров, работ и услуг для обеспечения государственных (муниципальных) нужд | B60: 03 | C60: 10 | D60: 89 | E60: 1 | F60: 00 | G60: 42120 | H60: 200 | I60: =I61 -> 5 | J60: =J61 -> 5 | K60: =K61 -> 5
A61: Иные закупки товаров, работ и услуг для обеспечения государственных (муниципальных) нужд | B61: 03 | C61: 10 | D61: 89 | E61: 1 | F61: 00 | G61: 42120 | H61: 244 | I61: ='Приложение 2'!J62 -> 5 | J61: ='Приложение 2'!K62 -> 5 | K61: ='Приложение 2'!L62 -> 5
A62: Национальная экономика | B62: 04 | I62: =I63+I76+I72+I67 -> 15708.3 | J62: =J63+J76 -> 1 | K62: =K63+K76 -> 1
A63: Дорожное хозяйство (дорожные фонды) | B63: 04 | C63: 09 | I63: =I64 -> 15246.5 | J63: =J64 -> 0 | K63: =K64 -> 0
A64: Строительство (реконструкция) автомобильных дорог в рамках реализации проектов по развитию территорий, расположенных в границах населенных пунктов, предусматривающих строительство жилья | B64: 04 | C64: 09 | D64: 04 | E64: 1 | F64: F1 | G64: 50212 | I64: =I65 -> 15246.5 | J64: =J65 -> 0 | K64: =K65 -> 0
A65: Капитальные вложения в объекты государственной (муниципальной) собственности | B65: 04 | C65: 09 | D65: 04 | E65: 1 | F65: F1 | G65: 50212 | H65: 400 | I65: =I66 -> 15246.5 | J65: =J66 -> 0 | K65: =K66 -> 0
A66: Бюджетные инвестиции | B66: 04 | C66: 09 | D66: 04 | E66: 1 | F66: F1 | G66: 50212 | H66: 410 | I66: ='Приложение 2'!J70 -> 15246.5 | J66: ='Приложение 2'!K70 -> 0 | K66: ='Приложение 2'!L70 -> 0
A67: Программа «Комплексного развитие систем транспортной инфраструктуры на территории Семилейского сельского поселения Кочкуровского муниципального района Республики Мордовия на 2021-2028 годы | B67: 04 | C67: 09 | D67: 13 | I67: =I68 -> 460.8 | J67: =J68 -> 1396.4 | K67: =K68 -> 1588.7
A68: Основное мероприятие "Обеспечение сохранности автомобильных дорог местного значения путем выполнения эксплуатационных и ремонтных мероприятий; ямочный ремонт, разметка дорог, установка дорожных знаков, обкашивание дорожных обочин, очистка дорог от снега." | B68: 04 | C68: 09 | D68: 13 | E68: 0 | F68: 01 | I68: =I69 -> 460.8 | J68: =J69 -> 1396.4 | K68: =K69 -> 1588.7
A69: Осуществление полномочий по дорожной деятельности в отношении автомобильных дорог местного значения в границах населенных пунктов поселения и обеспечению безопасности дорожного движения на них, включая создание и обеспечение функционирования парковок (парковочных мест), осуществление муниципального контроля за сохранностью автомобильных дорог местного значения в границах населенных пунктов поселения, организация дорожного движения, а также осуществление иных полномочий в области использования автомобильных дорог и осуществления дорожной деятельности в соответствии с законодательством Российской Федерации | B69: 04 | C69: 09 | D69: 13 | E69: 0 | F69: 01 | G69: 44102 | I69: =I70 -> 460.8 | J69: =J70 -> 1396.4 | K69: =K70 -> 1588.7
A70: Закупка товаров, работ и услуг для обеспечения государственных (муниципальных) нужд | B70: 04 | C70: 09 | D70: 13 | E70: 0 | F70: 01 | G70: 44102 | H70: 200 | I70: =I71 -> 460.8 | J70: =J71 -> 1396.4 | K70: =K71 -> 1588.7
A71: Иные закупки товаров, работ и услуг для обеспечения государственных (муниципальных) нужд | B71: 04 | C71: 09 | D71: 13 | E71: 0 | F71: 01 | G71: 44102 | H71: 240 | I71: ='Приложение 2'!J75 -> 460.8 | J71: ='Приложение 2'!K75 -> 1396.4 | K71: ='Приложение 2'!L75 -> 1588.7
A72: Основное мероприятие " Развитие транспортной инфраструктуры " | B72: 04 | C72: 09 | D72: 13 | E72: 0 | F72: 01 | I72: =I73 -> 0
A73: Капитальный ремонт и ремонт автомобильных дорог общего пользования местного значения | B73: 04 | C73: 09 | D73: 13 | E73: 0 | F73: 01 | G73: 57840 | I73: =I74 -> 0
A74: Закупка товаров, работ и услуг для обеспечения государственных (муниципальных) нужд | B74: 04 | C74: 09 | D74: 13 | E74: 0 | F74: 01 | G74: 57840 | H74: 200 | I74: =I75 -> 0
A75: Иные закупки товаров, работ и услуг для обеспечения государственных (муниципальных) нужд | B75: 04 | C75: 09 | D75: 13 | E75: 0 | F75: 01 | G75: 57840 | H75: 240 | I75: ='Приложение 2'!J79 -> 0
A76: Другие вопросы в области национальной экономики | B76: 04 | C76: 12 | I76: =I77 -> 1 | J76: =J77 -> 1 | K76: =K77 -> 1
A77: Непрограммные расходы главных распорядителей бюджетных средств местного бюджета | B77: 04 | C77: 12 | D77: 89 | I77: =I78 -> 1 | J77: =J78 -> 1 | K77: =K78 -> 1
A78: Непрограммные расходы в рамках обеспечения деятельности главных распорядителей бюджетных средств местного бюджета | B78: 04 | C78: 12 | D78: 89 | E78: 1 | I78: =I79 -> 1 | J78: =J79 -> 1 | K78: =K79 -> 1
A79: Осуществление полномочий по утверждению генеральных планов поселения, правил землепользования и застройки, утверждению подготовленной на основе генеральных планов поселения документации по планировке территории, выдаче градостроительного плана земельного участка, расположенного в границах поселения, выдаче разрешений на строительство (за исключением случаев, предусмотренных Градостроительным кодексом Российской Федерации, иными федеральными законами), разрешений на ввод объектов в эксплуатацию при осуществлении строительства, реконструкции объектов капитального строительства, расположенных на территории поселения, утверждению местных нормативов градостроительного проектирования поселений, резервированию земель и изъятию земельных участков в границах поселения для муниципальных нужд, осуществлению муниципального земельного контроля в границах поселения, осуществлению в случаях, предусмотренных Градостроительным кодексом Российской Федерации, осмотров зданий, сооружений и выдаче рекомендаций об устранении выявленных в ходе таких осмотров нарушений, направлению уведомления о соответствии указанных в уведомлении о планируемых строительстве или реконструкции объекта индивидуального жилищного строительства или садового дома параметров объекта индивидуального жилищного строительства или садового дома установленным параметрам и допустимости размещения объекта индивидуального жилищного строительства или садового дома на земельном участке, уведомления о несоответствии указанных в уведомлении о планируемом строительстве параметров объекта индивидуального жилищного строительства или садового дома установленным параметрам и (или) недопустимости размещения объекта индивидуального жилищного строительства или садового дома на земельном участке, уведомления о соответствии или несоответствии построенных или реконструированных объекта индивидуального жилищного строительства или садового дома требованиям законодательства о градостроительной деятельности при строительстве или реконструкции объектов индивидуального жилищного строительства или садовых домов на земельных участках, расположенных на территориях поселений, принятию в соответствии с гражданским законодательством Российской Федерации решения о сносе самовольной постройки, решения о сносе самовольной постройки или ее приведении в соответствие с предельными параметрами разрешенного строительства, реконструкции объектов капитального строительства, установленными правилами землепользования и застройки, документацией по планировке территории, или обязательными требованиями к параметрам объектов капитального строительства, установленными федеральными законами, решения об изъятии земельного участка, не используемого по целевому назначению или используемого с нарушением законодательства Российской Федерации, осуществлению сноса самовольной постройки или ее приведения в соответствие с установленными требованиями в случаях, предусмотренных Градостроительным кодексом Российской Федерации | B79: 04 | C79: 12 | D79: 89 | E79: 1 | F79: 00 | G79: 44107 | I79: =I80 -> 1 | J79: =J80 -> 1 | K79: =K80 -> 1
A80: Закупка товаров, работ и услуг для обеспечения государственных (муниципальных) нужд | B80: 04 | C80: 12 | D80: 89 | E80: 1 | F80: 00 | G80: 44107 | H80: 200 | I80: =I81 -> 1 | J80: =J81 -> 1 | K80: =K81 -> 1
A81: Иные закупки товаров, работ и услуг для обеспечения государственных (муниципальных) нужд | B81: 04 | C81: 12 | D81: 89 | E81: 1 | F81: 00 | G81: 44107 | H81: 240 | I81: ='Приложение 2'!J85 -> 1 | J81: ='Приложение 2'!K85 -> 1 | K81: ='Приложение 2'!L85 -> 1
A82: Жилищно-коммунальное хозяйство | B82: 05 | I82: =I83+I98 -> 7727.9 | J82: =J83+J98 -> 117.5 | K82: =K83+K98 -> 84
A83: Коммунальное хозяйство | B83: 05 | C83: 02 | I83: =I84+I90 -> 6324.9 | J83: =J90 -> 2 | K83: =K90 -> 2
A84: Муниципальная программа «Жилище» Семилейского сельского поселения Кочкуровского муниципального района Республики Мордовия на 2021-2025 годы» | B84: 05 | C84: 02 | D84: 04 | I84: =I85 -> 6322.9
A85: Подппрограмма "Обеспечение жильем молодых семей" | B85: 05 | C85: 02 | D85: 04 | E85: 1 | I85: =I86 -> 6322.9
A86: Региональный проект "Жилье" | B86: 05 | C86: 02 | D86: 04 | E86: 1 | F86: F1 | I86: =I87 -> 6322.9
A87: Строительство (реконструкция) объектов водоснабжения, водоотведения и (или) теплоснабжения в рамках реализации проектов по развитию территорий, расположенных в границах населенных пунктов, предусматривающих строительство жилья | B87: 05 | C87: 02 | D87: 04 | E87: 1 | F87: F1 | G87: 50213 | I87: =I88 -> 6322.9
A88: Капитальные вложения в объекты государственной (муниципальной) собственности | B88: 05 | C88: 02 | D88: 04 | E88: 1 | F88: F1 | G88: 50213 | H88: 400 | I88: =I89 -> 6322.9
A89: Бюджетные инвестиции | B89: 05 | C89: 02 | D89: 04 | E89: 1 | F89: F1 | G89: 50213 | H89: 410 | I89: ='Приложение 2'!J93 -> 6322.9 | J89: 0 | K89: 0
A90: Непрограммные расходы главных распорядителей бюджетных средств местного бюджета | B90: 05 | C90: 02 | D90: 89 | I90: =I91 -> 2 | J90: =J91 -> 2 | K90: =K91 -> 2
A91: Непрограммные расходы в рамках обеспечения деятельности главных распорядителей бюджетных средств местного бюджета | B91: 05 | C91: 02 | D91: 89 | E91: 1 | F91: 00 | I91: =I92+I95 -> 2 | J91: =J92+J95 -> 2 | K91: =K92+K95 -> 2
A92: Осуществление полномочий по организации в границах поселения электро-, тепло-, газо- и водоснабжения населения, водоотведения, снабжения населения топливом в пределах полномочий, установленных законодательством Российской Федерации | B92: 05 | C92: 02 | D92: 89 | E92: 1 | F92: 00 | G92: 44101 | I92: =I93 -> 1 | J92: =J93 -> 1 | K92: =K93 -> 1
A93: Закупка товаров, работ и услуг для обеспечения государственных (муниципальных) нужд | B93: 05 | C93: 02 | D93: 89 | E93: 1 | F93: 00 | G93: 44101 | H93: 200 | I93: =I94 -> 1 | J93: =J94 -> 1 | K93: =K94 -> 1
A94: Иные закупки товаров, работ и услуг для обеспечения государственных (муниципальных) нужд | B94: 05 | C94: 02 | D94: 89 | E94: 1 | F94: 00 | G94: 44101 | H94: 240 | I94: ='Приложение 2'!J98 -> 1 | J94: ='Приложение 2'!K98 -> 1 | K94: ='Приложение 2'!L98 -> 1
A95: Осуществление полномочий по участию в организации деятельности по накоплению (в том числе раздельному накоплению) и транспортированию твердых коммунальных отходов | B95: 05 | C95: 02 | D95: 89 | E95: 1 | F95: 00 | G95: 44106 | I95: =I96 -> 1 | J95: =J96 -> 1 | K95: =K96 -> 1
A96: Закупка товаров, работ и услуг для обеспечения государственных (муниципальных) нужд | B96: 05 | C96: 02 | D96: 89 | E96: 1 | F96: 00 | G96: 44106 | H96: 200 | I96: =I97 -> 1 | J96: =J97 -> 1 | K96: =K97 -> 1
A97: Иные закупки товаров, работ и услуг для обеспечения государственных (муниципальных) нужд | B97: 05 | C97: 02 | D97: 89 | E97: 1 | F97: 00 | G97: 44106 | H97: 240 | I97: ='Приложение 2'!J101 -> 1 | J97: ='Приложение 2'!K101 -> 1 | K97: ='Приложение 2'!L101 -> 1
A98: Благоустройство | B98: 05 | C98: 03 | I98: =I105+I110+I99 -> 1403 | J98: =J105+J110 -> 115.5 | K98: =K105+K110 -> 82
A99: Муниципальная программа Семилейского сельского поселения Кочкуровского муниципального района «Комплексное развитие сельских территорий» | B99: 05 | C99: 03 | D99: 22 | I99: =I100 -> 1075.7
A100: подпрограмма «Создание и развитие инфраструктуры на сельских территориях» | B100: 05 | C100: 03 | D100: 22 | E100: 1 | I100: =I101 -> 1075.7
A101: Основное мероприятие "Благоустройство сельских территорий» | B101: 05 | C101: 03 | D101: 22 | E101: 1 | F101: 01 | I101: =I103 -> 1075.7
A102: Благоустройство сельских территорий | B102: 05 | C102: 03 | D102: 22 | E102: 1 | F102: 01 | G102: L5764 | I102: =I103 -> 1075.7
...

Sheet Приложение 4
J3: ПРИЛОЖЕНИЕ 4 к решению Совета депутатов Семилейского сельского поселения Кочкуровского муниципального района
J4: от 28.02.2022 №21
J6: Приложение 4 к проекту решения Совета депутатов Семилейского сельского поселения «О бюджете Семилейского сельского поселения на 2022 год и на плановый период 2023 и 2024 годов» от 24.12.2021 г. №14
A8: РАСПРЕДЕЛЕНИЕ БЮДЖЕТНЫХ АССИГНОВАНИЙ БЮДЖЕТА СЕМИЛЕЙСКОГО СЕЛЬСКОГО ПОСЕЛЕНИЯ ПО ЦЕЛЕВЫМ СТАТЬЯМ (МУНИЦИПАЛЬНЫМ ПРОГРАММАМ И НЕПРОГРАМНЫМ НАПРАВЛЕНИЯМ ДЕЯТЕЛЬНОСТИ) , ГРУППАМ И ПОДГРУППАМ ВИДОВ РАСХОДОВ, РАЗДЕЛАМ И ПОДРАЗДЕЛАМ КЛАССИФИКАЦИИ РАСХОДОВ БЮДЖЕТОВ НА 2022 ГОД И НА ПЛАНОВЫЙ ПЕРИОД 2023 И 2024 ГОДОВ
F9: (тыс. рублей)
A10: Наименование | B10: Цср | F10: Вр | G10: Рз | H10: Прз | I10: Адм | J10: Сумма
J11: 2022 год | K11: 2023 год | L11: 2024 год
A12: 1 | B12: 2 | C12: 3 | D12: 4 | E12: 5 | F12: 6 | G12: 7 | H12: 8 | I12: 9 | J12: 10 | K12: 11 | L12: 12
A13: ВСЕГО | J13: =J14+J23+J29+J52+J85+J91+J97+J109+J115+J121+J127+J133+J139+J145+J151+J157+J162+J103+J43 -> 26273.7 | K13: =K14+K23+K29+K52+K85+K91+K97+K109+K115+K121+K127+K133+K139+K145+K151+K157+K162+K103 -> 3897.4 | L13: =L14+L23+L29+L52+L85+L91+L97+L109+L115+L121+L127+L133+L139+L145+L151+L157+L162+L103 -> 4265.7
A14: Муниципальная программа «Жилище» Семилейского сельского поселения Кочкуровского муниципального района на 2021-2025 годы» | B14: 0 4 | J14: =J15 -> 15246.5 | K14: =K15 -> 0
A15: Подппрограмма "Обеспечение жильем молодых семей" | B15: 0 4 | C15: 1 | J15: =J16 -> 15246.5 | K15: =K16 -> 0
A16: Региональный проект "Жилье" | B16: 04 | C16: 1 | D16: F1 | J16: =J17 -> 15246.5 | K16: =K17 -> 0
A17: Иные межбюджетные трансферты на осуществление полномочий по дорожной деятельности в отношении автомобильных дорог местного значения в границах населенных пунктов поселения и обеспечению безопасности дорожного движения на них, включая создание и обеспечение функционирования парковок (парковочных мест), осуществление муниципального контроля за сохранностью автомобильных дорог местного значения в границах населенных пунктов поселения, а также осуществление иных полномочий в области использования автомобильных дорог и осуществления дорожной деятельности в соответствии с законодательством Российской Федерации | B17: 04 | C17: 1 | D17: F1 | E17: 44102 | J17: =J18 -> 15246.5 | K17: =K18 -> 0
A18: Капитальные вложения в объекты государственной (муниципальной) собственности | B18: 04 | C18: 1 | D18: F1 | E18: 44102 | F18: 400 | J18: =J19 -> 15246.5 | K18: =K19 -> 0
A19: Бюджетные инвестиции | B19: 04 | C19: 1 | D19: F1 | E19: 44102 | F19: 410 | J19: =J20 -> 15246.5 | K19: =K20 -> 0
A20: Национальная экономика | B20: 04 | C20: 1 | D20: F1 | E20: 44102 | F20: 410 | G20: 04 | J20: =J21 -> 15246.5 | K20: =K21 -> 0
A21: Дорожное хозяйство (дорожные фонды) | B21: 04 | C21: 1 | D21: F1 | E21: 44102 | F21: 410 | G21: 04 | H21: 09 | J21: =J22 -> 15246.5 | K21: =K22 -> 0
A22: Администрация Семилейского сельского поселения Кочкуровского муниципального района | B22: 04 | C22: 1 | D22: F1 | E22: 44102 | F22: 410 | G22: 04 | H22: 09 | I22: 923 | J22: ='Приложение 2'!J70 -> 15246.5 | K22: ='Приложение 2'!K70 -> 0
A23: Строительство (реконструкция) объектов водоснабжения, водоотведения и (или) теплоснабжения в рамках реализации проектов по развитию территорий, расположенных в границах населенных пунктов, предусматривающих строительство жилья | B23: 04 | C23: 1 | D23: F1 | E23: 50213 | J23: =J24 -> 6322.9 | K23: =K24 -> 0
A24: Капитальные вложения в объекты государственной (муниципальной) собственности | B24: 04 | C24: 1 | D24: F1 | E24: 50213 | F24: 400 | J24: =J25 -> 6322.9 | K24: =K25 -> 0
A25: Бюджетные инвестиции | B25: 04 | C25: 1 | D25: F1 | E25: 50213 | F25: 410 | J25: =J28 -> 6322.9 | K25: =K28 -> 0
A26: Жилищно-коммунальное хозяйство | B26: 04 | C26: 1 | D26: F1 | E26: 50213 | F26: 410 | G26: 05 | J26: =J27 -> 6322.9 | K26: =K27 -> 0
A27: Коммунальное хозяйство | B27: 04 | C27: 1 | D27: F1 | E27: 50213 | F27: 410 | G27: 05 | H27: 02 | J27: =J28 -> 6322.9 | K27: =K28 -> 0
A28: Администрация Семилейского сельского поселения Кочкуровского муниципального района | B28: 04 | C28: 1 | D28: F1 | E28: 50213 | F28: 410 | G28: 05 | H28: 02 | I28: 923 | J28: ='Приложение 2'!J93 -> 6322.9 | K28: ='Приложение 2'!K93 -> 0
A29: Программа «Комплексного развитие систем транспортной инфраструктуры на территории Семилейского сельского поселения Кочкуровского муниципального района Республики Мордовия на 2021-2028 годы | B29: 13 | J29: =J30+J37 -> 460.8 | K29: =K30 -> 1396.4 | L29: =L30 -> 1588.7
A30: Программа «Комплексного развитие систем транспортной инфраструктуры на территории Семилейского сельского поселения Кочкуровского муниципального района Республики Мордовия на 2021-2028 годы | B30: 13 | C30: 0 | J30: =J31 -> 460.8 | K30: =K31 -> 1396.4 | L30: =L31 -> 1588.7
A31: Основное мероприятие "Обеспечение сохранности автомобильных дорог местного значения путем выполнения эксплуатационных и ремонтных мероприятий; ямочный ремонт, разметка дорог, установка дорожных знаков, обкашивание дорожных обочин, очистка дорог от снега." | B31: 13 | C31: 0 | D31: 01 | J31: =J32 -> 460.8 | K31: =K32 -> 1396.4 | L31: =L32 -> 1588.7
A32: Осуществление полномочий по дорожной деятельности в отношении автомобильных дорог местного значения в границах населенных пунктов поселения и обеспечению безопасности дорожного движения на них, включая создание и обеспечение функционирования парковок (парковочных мест), осуществление муниципального контроля за сохранностью автомобильных дорог местного значения в границах населенных пунктов поселения, организация дорожного движения, а также осуществление иных полномочий в области использования автомобильных дорог и осуществления дорожной деятельности в соответствии с законодательством Российской Федерации | B32: 13 | C32: 0 | D32: 01 | E32: 44102 | J32: =J33 -> 460.8 | K32: =K33 -> 1396.4 | L32: =L33 -> 1588.7
A33: Закупка товаров, работ и услуг для обеспечения государственных (муниципальных) нужд | B33: 13 | C33: 0 | D33: 01 | E33: 44102 | F33: 200 | J33: =J34 -> 460.8 | K33: =K34 -> 1396.4 | L33: =L34 -> 1588.7
A34: Иные закупки товаров, работ и услуг для обеспечения государственных (муниципальных) нужд | B34: 13 | C34: 0 | D34: 01 | E34: 44102 | F34: 240 | J34: =J35 -> 460.8 | K34: =K35 -> 1396.4 | L34: =L35 -> 1588.7
A35: Дорожное хозяйство (дорожные фонды) | B35: 13 | C35: 0 | D35: 01 | E35: 44102 | F35: 240 | G35: 04 | J35: =J36 -> 460.8 | K35: =K36 -> 1396.4 | L35: =L36 -> 1588.7
A36: Администрация Семилейского сельского поселения Кочкуровского муниципального района | B36: 13 | C36: 0 | D36: 01 | E36: 44102 | F36: 240 | G36: 04 | H36: 09 | I36: 923 | J36: ='Приложение 2'!J75 -> 460.8 | K36: ='Приложение 2'!K75 -> 1396.4 | L36: ='Приложение 2'!L75 -> 1588.7
A37: Основное мероприятие " Развитие транспортной инфраструктуры " | B37: 13 | C37: 0 | D37: 01 | J37: =J38 -> 0
A38: Капитальный ремонт и ремонт автомобильных дорог общего пользования местного значения | B38: 13 | C38: 0 | D38: 01 | E38: 57840 | J38: =J39 -> 0
A39: Закупка товаров, работ и услуг для обеспечения государственных (муниципальных) нужд | B39: 13 | C39: 0 | D39: 01 | E39: 57840 | F39: 200 | J39: =J40 -> 0
A40: Иные закупки товаров, работ и услуг для обеспечения государственных (муниципальных) нужд | B40: 13 | C40: 0 | D40: 01 | E40: 57840 | F40: 240 | J40: =J41 -> 0
A41: Дорожное хозяйство (дорожные фонды) | B41: 13 | C41: 0 | D41: 01 | E41: 57840 | F41: 240 | G41: 04 | J41: =J42 -> 0
A42: Администрация Семилейского сельского поселения Кочкуровского муниципального района | B42: 13 | C42: 0 | D42: 01 | E42: 57840 | F42: 240 | G42: 04 | H42: 09 | I42: 923 | J42: ='Приложение 3'!I75 -> 0
A43: Муниципальная программа Семилейского сельского поселения Кочкуровского муниципального района «Комплексное развитие сельских территорий» | B43: 22 | J43: =J44 -> 1075.7
A44: подпрограмма «Создание и развитие инфраструктуры на сельских территориях» | B44: 22 | C44: 1 | J44: =J45 -> 1075.7
A45: Основное мероприятие "Благоустройство сельских территорий» | B45: 22 | C45: 1 | D45: 01 | J45: =J47 -> 1075.7
A46: Благоустройство сельских территорий | B46: 22 | C46: 1 | D46: 01 | E46: L5764 | J46: =J47 -> 1075.7
A47: Закупка товаров, работ и услуг для обеспечения государственных (муниципальных) нужд | B47: 22 | C47: 1 | D47: 01 | E47: L5764 | F47: 200 | J47: =J48 -> 1075.7
A48: Иные закупки товаров, работ и услуг для обеспечения государственных (муниципальных) нужд | B48: 22 | C48: 1 | D48: 01 | E48: L5764 | F48: 240 | J48: =J49 -> 1075.7
A49: Жилищно-коммунальное хозяйство | B49: 22 | C49: 1 | D49: 01 | E49: L5764 | F49: 240 | G49: 05 | J49: =J50 -> 1075.7
A50: Благоустройство | B50: 22 | C50: 1 | D50: 01 | E50: L5764 | F50: 240 | G50: 05 | H50: 03 | J50: =J51 -> 1075.7
A51: Администрация Семилейского сельского поселения Кочкуровского муниципального района | B51: 22 | C51: 1 | D51: 01 | E51: L5764 | F51: 240 | G51: 05 | H51: 03 | I51: 923 | J51: ='Приложение 2'!J108 -> 1075.7
A52: Обеспечение деятельности администрации Семилейского сельского поселения Кочкуровского муниципального района Республики Мордовия | B52: 65 | J52: =J53+J60 -> 2385.1 | K52: =K53+K60 -> 1854.6 | L52: =L53+L60 -> 1980.23
A53: Глава Семилейского сельского поселения Кочкуровского муниципального района Республики Мордовия | B53: 65 | C53: 1 | J53: =J54 -> 420.7 | K53: =K54 -> 420.7 | L53: =L54 -> 420.7
A54: Расходы на выплаты по оплате труда высшего должностного лица | B54: 65 | C54: 1 | D54: 00 | E54: 41150 | J54: =J55 -> 420.7 | K54: =K55 -> 420.7 | L54: =L55 -> 420.7
A55: Расходы на выплаты персоналу в целях обеспечения выполнения функций государственными (муниципальными) органами, казенными учреждениями, органами управления государственными внебюджетными фондами | B55: 65 | C55: 1 | D55: 00 | E55: 41150 | F55: 100 | J55: =J56 -> 420.7 | K55: =K56 -> 420.7 | L55: =L56 -> 420.7
A56: Расходы на выплаты персоналу государственных (муниципальных) органов | B56: 65 | C56: 1 | D56: 00 | E56: 41150 | F56: 120 | J56: =J57 -> 420.7 | K56: =K57 -> 420.7 | L56: =L57 -> 420.7
A57: Общегосударственные вопросы | B57: 65 | C57: 1 | D57: 00 | E57: 41150 | F57: 120 | G57: 01 | J57: =J58 -> 420.7 | K57: =K58 -> 420.7 | L57: =L58 -> 420.7
A58: Функционирование высшего должностного лица субъекта Российской Федерации и муниципального образования | B58: 65 | C58: 1 | D58: 00 | E58: 41150 | F58: 120 | G58: 01 | H58: 02 | J58: =J59 -> 420.7 | K58: =K59 -> 420.7 | L58: =L59 -> 420.7
A59: Администрация Семилейского сельского поселения Кочкуровского муниципального района | B59: 65 | C59: 1 | D59: 00 | E59: 41150 | F59: 120 | G59: 01 | H59: 02 | I59: 923 | J59: ='Приложение 2'!J19 -> 420.7 | K59: ='Приложение 2'!K19 -> 420.7 | L59: ='Приложение 2'!L19 -> 420.7
A60: Непрограммные расходы в рамках обеспечения деятельности администрации Семилейского сельского поселения Кочкуровского муниципального района Республики Мордовия | B60: 65 | C60: 4 | J60: =J61+J67+J79 -> 1964.4 | K60: =K61+K67+K79 -> 1433.9 | L60: =L61+L67+L79 -> 1559.53
A61: Расходы на выплаты по оплате труда работников органов местного самоуправления | B61: 65 | C61: 4 | D61: 00 | E61: 41110 | J61: =J62 -> 877.583 | K61: =K62 -> 686.66 | L61: =L62 -> 696.7
A62: Расходы на выплаты персоналу в целях обеспечения выполнения функций государственными (муниципальными) органами, казенными учреждениями, органами управления государственными внебюджетными фондами | B62: 65 | C62: 4 | D62: 00 | E62: 41110 | F62: 100 | J62: =J63 -> 877.583 | K62: =K63 -> 686.66 | L62: =L63 -> 696.7
A63: Расходы на выплаты персоналу государственных (муниципальных) органов | B63: 65 | C63: 4 | D63: 00 | E63: 41110 | F63: 120 | J63: =J64 -> 877.583 | K63: =K64 -> 686.66 | L63: =L64 -> 696.7
A64: Общегосударственные вопросы | B64: 65 | C64: 4 | D64: 00 | E64: 41110 | F64: 120 | G64: 01 | J64: =J65 -> 877.583 | K64: =K65 -> 686.66 | L64: =L65 -> 696.7
A65: Функционирование Правительства Российской Федерации, высших исполнительных органов государственной власти субъектов Российской Федерации, местных администраций | B65: 65 | C65: 4 | D65: 00 | E65: 41110 | F65: 120 | G65: 01 | H65: 04 | J65: =J66 -> 877.583 | K65: =K66 -> 686.66 | L65: =L66 -> 696.7
A66: Администрация Семилейского сельского поселения Кочкуровского муниципального района | B66: 65 | C66: 4 | D66: 00 | E66: 41110 | F66: 120 | G66: 01 | H66: 04 | I66: 923 | J66: ='Приложение 2'!J25 -> 877.583 | K66: ='Приложение 2'!K25 -> 686.66 | L66: ='Приложение 2'!L25 -> 696.7
A67: Расходы на обеспечение функций органов местного самоуправления | B67: 65 | C67: 4 | D67: 00 | E67: 41120 | J67: =J68+J73 -> 1086.117 | K67: =K68+K73 -> 746.54 | L67: =L68+L73 -> 862.13
A68: Закупка товаров, работ и услуг для обеспечения государственных (муниципальных) нужд | B68: 65 | C68: 4 | D68: 00 | E68: 41120 | F68: 200 | J68: =J69 -> 400.72592 | K68: =K69 -> 176.64892 | L68: =L69 -> 176.73892
A69: Иные закупки товаров, работ и услуг для обеспечения государственных (муниципальных) нужд | B69: 65 | C69: 4 | D69: 00 | E69: 41120 | F69: 240 | J69: =J70 -> 400.72592 | K69: =K70 -> 176.64892 | L69: =L70 -> 176.73892
A70: Общегосударственные вопросы | B70: 65 | C70: 4 | D70: 00 | E70: 41120 | F70: 240 | G70: 01 | J70: =J71 -> 400.72592 | K70: =K71 -> 176.64892 | L70: =L71 -> 176.73892
A71: Функционирование Правительства Российской Федерации, высших исполнительных органов государственной власти субъектов Российской Федерации, местных администраций | B71: 65 | C71: 4 | D71: 00 | E71: 41120 | F71: 240 | G71: 01 | H71: 04 | J71: =J72 -> 400.72592 | K71: =K72 -> 176.64892 | L71: =L72 -> 176.73892
A72: Администрация Семилейского сельского поселения Кочкуровского муниципального района | B72: 65 | C72: 4 | D72: 00 | E72: 41120 | F72: 240 | G72: 01 | H72: 04 | I72: 923 | J72: ='Приложение 2'!J28 -> 400.72592 | K72: ='Приложение 2'!K28 -> 176.64892 | L72: ='Приложение 2'!L28 -> 176.73892
A73: Иные бюджетные ассигнования | B73: 65 | C73: 4 | D73: 00 | E73: 41120 | F73: 800 | J73: =J75+J74 -> 685.39108 | K73: =K75 -> 569.89108 | L73: =L75 -> 685.39108
A74: Исполнение судебных актов | B74: 65 | C74: 4 | D74: 00 | E74: 41120 | F74: 830 | J74: ='Приложение 2'!J30 -> 20
A75: Уплата налогов, сборов и иных платежей | B75: 65 | C75: 4 | D75: 00 | E75: 41120 | F75: 850 | J75: =J76 -> 665.39108 | K75: =K76 -> 569.89108 | L75: =L76 -> 685.39108
A76: Общегосударственные вопросы | B76: 65 | C76: 4 | D76: 00 | E76: 41120 | F76: 850 | G76: 01 | J76: =J77 -> 665.39108 | K76: =K77 -> 569.89108 | L76: =L77 -> 685.39108
A77: Функционирование Правительства Российской Федерации, высших исполнительных органов государственной власти субъектов Российской Федерации, местных администраций | B77: 65 | C77: 4 | D77: 00 | E77: 41120 | F77: 850 | G77: 01 | H77: 04 | J77: =J78 -> 665.39108 | K77: =K78 -> 569.89108 | L77: =L78 -> 685.39108
A78: Администрация Семилейского сельского поселения Кочкуровского муниципального района | B78: 65 | C78: 4 | D78: 00 | E78: 41120 | F78: 850 | G78: 01 | H78: 04 | I78: 923 | J78: ='Приложение 2'!J31 -> 665.39108 | K78: ='Приложение 2'!K31 -> 569.89108 | L78: ='Приложение 2'!L31 -> 685.39108
A79: Осуществление государственных полномочий Республики Мордовия по определению перечня должностных лиц, уполномоченных составлять протоколы об административных правонарушениях, предусмотренных Законом Республики Мордовия от 15 июня 2015 года № 38-З "Об админ | B79: 65 | C79: 4 | D79: 00 | E79: 77150 | J79: =J80 -> 0.7 | K79: =K80 -> 0.7 | L79: =L80 -> 0.7
A80: Закупка товаров, работ и услуг для обеспечения государственных (муниципальных) нужд | B80: 65 | C80: 4 | D80: 00 | E80: 77150 | F80: 200 | J80: =J81 -> 0.7 | K80: =K81 -> 0.7 | L80: =L81 -> 0.7
A81: Иные закупки товаров, работ и услуг для обеспечения государственных (муниципальных) нужд | B81: 65 | C81: 4 | D81: 00 | E81: 77150 | F81: 240 | J81: =J82 -> 0.7 | K81: =K82 -> 0.7 | L81: =L82 -> 0.7
A82: Общегосударственные вопросы | B82: 65 | C82: 4 | D82: 00 | E82: 77150 | F82: 240 | G82: 01 | J82: =J83 -> 0.7 | K82: =K83 -> 0.7 | L82: =L83 -> 0.7
A83: Функционирование Правительства Российской Федерации, высших исполнительных органов государственной власти субъектов Российской Федерации, местных администраций | B83: 65 | C83: 4 | D83: 00 | E83: 77150 | F83: 240 | G83: 01 | H83: 04 | J83: =J84 -> 0.7 | K83: =K84 -> 0.7 | L83: =L84 -> 0.7
A84: Администрация Семилейского сельского поселения Кочкуровского муниципального района | B84: 65 | C84: 4 | D84: 00 | E84: 77150 | F84: 240 | G84: 01 | H84: 04 | I84: 923 | J84: ='Приложение 2'!J34 -> 0.7 | K84: ='Приложение 2'!K34 -> 0.7 | L84: ='Приложение 2'!L34 -> 0.7
A85: Доплаты к пенсиям муниципальных служащих Республики Мордовия | B85: 89 | C85: 1 | D85: 00 | E85: 03010 | J85: =J86 -> 337.3 | K85: =K86 -> 349.7 | L85: =L86 -> 361.7
A86: Социальное обеспечение и иные выплаты населению | B86: 89 | C86: 1 | D86: 00 | E86: 03010 | F86: 300 | J86: =J87 -> 337.3 | K86: =K87 -> 349.7 | L86: =L87 -> 361.7
A87: Публичные нормативные социальные выплаты гражданам | B87: 89 | C87: 1 | D87: 00 | E87: 03010 | F87: 310 | J87: =J88 -> 337.3 | K87: =K88 -> 349.7 | L87: =L88 -> 361.7
A88: Социальная политика | B88: 89 | C88: 1 | D88: 00 | E88: 03010 | F88: 310 | G88: 10 | J88: =J89 -> 337.3 | K88: =K89 -> 349.7 | L88: =L89 -> 361.7
A89: Пенсионное обеспечение | B89: 89 | C89: 1 | D89: 00 | E89: 03010 | F89: 310 | G89: 10 | H89: 01 | J89: =J90 -> 337.3 | K89: =K90 -> 349.7 | L89: =L90 -> 361.7
A90: Администрация Семилейского сельского поселения Кочкуровского муниципального района | B90: 89 | C90: 1 | D90: 00 | E90: 03010 | F90: 310 | G90: 10 | H90: 01 | I90: 923 | J90: ='Приложение 2'!J134 -> 337.3 | K90: ='Приложение 2'!K134 -> 349.7 | L90: ='Приложение 2'!L134 -> 361.7
A91: Процентные платежи по муниципальному долгу | B91: 89 | C91: 1 | D91: 00 | E91: 41240 | J91: =J92 -> 5 | K91: =K92 -> 5 | L91: =L92 -> 5
A92: Обслуживание государственного (муниципального) долга | B92: 89 | C92: 1 | D92: 00 | E92: 41240 | F92: 700 | J92: =J93 -> 5 | K92: =K93 -> 5 | L92: =L93 -> 5
A93: Обслуживание муниципального долга | B93: 89 | C93: 1 | D93: 00 | E93: 41240 | F93: 730 | J93: =J94 -> 5 | K93: =K94 -> 5 | L93: =L94 -> 5
A94: Обслуживание государственного и муниципального долга | B94: 89 | C94: 1 | D94: 00 | E94: 41240 | F94: 730 | G94: 13 | J94: =J95 -> 5 | K94: =K95 -> 5 | L94: =L95 -> 5
A95: Обслуживание государственного внутреннего и муниципального долга | B95: 89 | C95: 1 | D95: 00 | E95: 41240 | F95: 730 | G95: 13 | H95: 01 | J95: =J96 -> 5 | K95: =K96 -> 5 | L95: =L96 -> 5
A96: Администрация Семилейского сельского поселения Кочкуровского муниципального района | B96: 89 | C96: 1 | D96: 00 | E96: 41240 | F96: 730 | G96: 13 | H96: 01 | I96: 923 | J96: ='Приложение 2'!J141 -> 5 | K96: ='Приложение 2'!K141 -> 5 | L96: ='Приложение 2'!L141 -> 5
A97: Условно утвержденные расходы | B97: 89 | C97: 1 | D97: 00 | E97: 41990 | J97: =J98 -> 0 | K97: =K98 -> 60.1 | L97: =L98 -> 128.77
A98: Иные бюджетные ассигнования | B98: 89 | C98: 1 | D98: 00 | E98: 41990 | F98: 800 | J98: =J99 -> 0 | K98: =K99 -> 60.1 | L98: =L99 -> 128.77
A99: Резервные средства | B99: 89 | C99: 1 | D99: 00 | E99: 41990 | F99: 870 | J99: 0 | K99: =K100 -> 60.1 | L99: =L100 -> 128.77
A100: Условно утвержденные расходы | B100: 89 | C100: 1 | D100: 00 | E100: 41990 | F100: 870 | G100: 99 | J100: 0 | K100: =K101 -> 60.1 | L100: =L101 -> 128.77
A101: Условно утвержденные расходы | B101: 89 | C101: 1 | D101: 00 | E101: 41990 | F101: 870 | G101: 99 | H101: 99 | J101: 0 | K101: =K102 -> 60.1 | L101: =L102 -> 128.77
A102: Администрация Семилейского сельского поселения Кочкуровского муниципального района | B102: 89 | C102: 1 | D102: 00 | E102: 41990 | F102: 870 | G102: 99 | H102: 99 | I102: 923 | J102: 0 | K102: ='Приложение 2'!K148 -> 60.1 | L102: ='Приложение 2'!L148 -> 128.77
A103: Мероприятия по обеспечению пожарной безопасности | B103: 89 | C103: 1 | D103: 00 | E103: 42120 | J103: =J104 -> 5 | K103: =K104 -> 5 | L103: =L104 -> 5
A104: Закупка товаров, работ и услуг для обеспечения государственных (муниципальных) нужд | B104: 89 | C104: 1 | D104: 00 | E104: 42120 | F104: 200 | J104: =J105 -> 5 | K104: =K105 -> 5 | L104: =L105 -> 5
...

Sheet Приложение 7
C1: ПРИЛОЖЕНИЕ 4 к решению Совета депутатов Семилейского сельского поселения Кочкуровского муниципального района
C2: от 28.02.2022 №21
C4: Приложение 7 к проекту решения Совета депутатов Семилейского сельского поселения «О бюджете Семилейского сельского поселения на 2022 год и на плановый период 2023 и 2024 годов» от 24.12.2021 г. №14
A9: ИСТОЧНИКИ ВНУТРЕННЕГО ФИНАНСИРОВАНИЯ ДЕФИЦИТА БЮДЖЕТА СЕМИЛЕЙСКОГО СЕЛЬСКОГО ПОСЕЛЕНИЯ НА 2022 ГОД И НА ПЛАНОВЫЙ ПЕРИОД 2023 и 2024 ГОДОВ
A11: Код | B11: Наименование кода группы, подгруппы, статьи, вида источника финансирования дефицитов бюджетов, кода классификации операций сектора государственного управления, относящихся к источникам финансирования дефицитов бюджетов Российской Федерации | C11: Сумма (тыс. руб.)
C12: 2022 год | D12: 2023 год | E12: 2024 год
A13: 1 | B13: 2 | C13: 3 | D13: 4 | E13: 5
A14: 000 01 00 00 00 00 0000 000 | B14: ИСТОЧНИКИ ВНУТРЕННЕГО ФИНАНСИРОВАНИЯ ДЕФИЦИТОВ БЮДЖЕТОВ | C14: 0 | D14: 0 | E14: 0
A15: 000 01 03 00 00 00 0000 000 | B15: Бюджетные кредиты из других бюджетов бюджетной системы Российской Федерации | C15: =C16 -> -66.4 | D15: =D16 -> -131.37498 | E15: =E16 -> -193.12122
A16: 000 01 03 01 00 00 0000 000 | B16: Погашение бюджетных кредитов, полученных от других бюджетов бюджетной системы Российской Федерации в валюте Российской Федерации | C16: =C17 -> -66.4 | D16: =D17 -> -131.37498 | E16: =E17 -> -193.12122
A17: 000 01 03 01000100000810 | B17: Погашение бюджетами сельских поселений кредитов от других бюджетов бюджетной системы Российской Федерации в валюте Российской Федерации | C17: -66.4 | D17: -131.37498 | E17: -193.12122
A18: 000 01 05 00 00 00 0000 000 | B18: Изменение остатков средств на счетах по учету средств бюджета | C18: 66.4 | D18: 131.4 | E18: 193.1
A19: 000 01 05 00 00 00 0000 500 | B19: Увеличение остатков средств бюджетов | C19: =C20 -> -26273.7 | D19: =D20 -> -3897.4 | E19: =E20 -> -4265.7
A20: 000 01 05 02 01 00 0000 510 | B20: Увеличение прочих остатков денежных средств бюджетов | C20: =C21 -> -26273.7 | D20: =D21 -> -3897.4 | E20: =E21 -> -4265.7
A21: 000 01 05 02 01 10 0000 510 | B21: Увеличение прочих остатков денежных средств бюджетов муниципальных районов | C21: -26273.7 | D21: -3897.4 | E21: -4265.7
A22: 000 01 05 00 00 00 0000 600 | B22: Уменьшение остатков средств бюджетов | C22: =C23 -> 26340.1 | D22: =D23 -> 4028.8 | E22: =E23 -> 4458.8
A23: 000 01 05 02 01 00 0000 610 | B23: Уменьшение прочих остатков денежных средств бюджетов | C23: =C24 -> 26340.1 | D23: =D24 -> 4028.8 | E23: =E24 -> 4458.8
A24: 000 01 05 02 01 10 0000 610 | B24: Уменьшение прочих остатков денежных средств бюджетов муниципальных районов | C24: 26340.1 | D24: 4028.8 | E24: 4458.8
